Workbook
Name \\: #REF!
Name \a: #REF!
Name \a: #REF!
Name \a: #REF!
Name \a: 'Quadro 8_Table 8'!#REF!
Name \a: #REF!
Name \A1: #REF!
Name \A2: #REF!
Name \A3: #REF!
Name \APAGAR: #REF!
Name \b: #REF!
Name \b: #REF!
Name \b: #REF!
Name \c: #REF!
Name \c: #REF!
Name \c: #REF!
Name \d: #REF!
Name \p: #REF!
Name \q: #REF!
Name \x: #REF!
Name \x: #REF!
Name \y: #REF!
Name \y: #REF!
Name _: #REF!
Name _______PIB93: #REF!
Name _______PIB93: #REF!
Name ______PIB93: #REF!
Name ______PIB93: #REF!
Name _____PIB93: #REF!
Name _____PIB93: #REF!
Name ____PIB93: #REF!
Name ____PIB93: #REF!
Name ____ra113001: #REF!
Name ____RA211006: #REF!
Name ____raa118: #REF!
Name ____TAB1: #REF!
Name ____TAB1: #REF!
Name ____TAB4: #REF!
Name ____TAB4: #REF!
Name ___aux2: #REF!
Name ___aux22: #REF!
Name ___CIP89: #REF!
Name ___CIP89: #REF!
Name ___CIP898: #REF!
Name ___CIP898: #REF!
Name ___fim1: #REF!
Name ___fim1: #REF!
Name ___mod22: #REF!
Name ___PIB93: #REF!
Name ___PIB93: #REF!
Name ___PIB93: #REF!
Name ___PIB93: 'Quadro 8_Table 8'!#REF!
Name ___PIB93: #REF!
Name ___r61_Ind_4_05_04_ZEu_E: #REF!
Name ___ra113001: #REF!
Name ___RA211003: #REF!
Name ___RA211006: #REF!
Name ___raa118: #REF!
Name ___TAB1: #REF!
Name ___TAB1: #REF!

Sheet Índice
B7: CFP Relatório n.º 08/2026: Análise da Proposta de Orçamento do Estado para 2027
B8: CFP Report no. 08/2026: Analysis of the 2027 Draft State Budget
B10: GRÁFICOS | D10: CHARTS
B11: Gráfico 1 - Saldo por subsectores das AP, em % do PIB | D11: Chart 1 - Balance by subsectors of the general government, in % of GDP
B12: Gráfico 2 - Postura da política orçamental | D12: Chart 2 - Fiscal stance
B13: Gráfico 3 - Evolução da dívida pública (% e p.p. do PIB) | D13: Chart 3 - Public debt developments (% of GDP and GDP p.p.)
B14: Gráfico 4 - Necessidades de financiamento do Estado em 2027 | D14: Chart 4 - State borrowing requirements in 2027
B15: Gráfico 5 - Fontes de financiamento do Estado | D15: Chart 5 - State borrowing sources
B16: Gráfico 6 - Maturidade da dívida direta do Estado | D16: Chart 6 - Maturity of State direct debt
B18: QUADROS | D18: TABLES
B19: Quadro 1 - Indicadores orçamentais | D19: Table 1 - Budget indicators
B20: Quadro 2 - Conta das Administrações Públicas da POE/2027 | D20: Table 2 - General government account of the DSB/2027
B21: Quadro 3 – Estimativa anual de 2026 subjacente à POE/2027 (1.º semestre observado e 2.º semestre implícito na estimativa do MF) | D21: Table 3 - Annual estimate for 2026 underlying the DSB/2027 (1st half observed and 2nd half implied in the Ministry of Finance’s estimate)
B22: Quadro 4 - Cenário de projeção orçamental do CFP subjacente à POE/2027, excluindo o efeito das subvenções do PRR e dos restantes fundos da União Europeia (em M€) | D22: Table 4 - CFP budget projection scenario underlying the DSB/2027, excluding the effect of RRP grants and other European Union funds (in M€)
... B36: Quadro 18 - Lista de Medidas Discricionárias da Receita 2026-2027 consideradas pelo CFP (em M€) | D36: Table 18 - List of Discretionary Revenue Measures 2026-2027 considered by the CFP (in M€)

Sheet Gráfico 1_Chart 1
A1: Índice
B2: ="Valores subjacentes ao "&Índice!B11 -> Valores subjacentes ao Gráfico 1 - Saldo por subsectores das AP, em % do PIB
B3: ="Values underlying "&Índice!D11 -> Values underlying Chart 1 - Balance by subsectors of the general government, in % of GDP
B4: PT | EN
C5: Observado | Observed | E5: POE/2027 | DSB/2027
B6: Subsector | C6: 2025 | E6: 2026 (E) | F6: 2027 (P) | G6: Subsector
B7: AC | C7: -1.9 | E7: -2.7 | F7: -2.8 | G7: CG
B8: ARL | C8: 0.2 | E8: 0.3 | F8: 0.2 | G8: RLG
B9: FSS | C9: 2.3 | E9: 2.5 | F9: 2.6 | G9: SSF
B11: Fontes: INE (2025, PDE de setembro de 2026) e Ministério das Finanças (2026 e 2027). Cálculos do CFP. E - Estimativa; P - Previsão. AC - Administração Central; ARL - Administração Regional e Local; FSS - Fundos da Segurança Social; AP - Administrações Públicas. Nota: a soma dos saldos dos subsectores pode não corresponder ao saldo das AP devido a arredondamentos.
B15: Source: INE (2025, EDP of september 2026) and Ministry of Finance (2026 and 2027). CFP calculations. E - Estimate; P - Forecast. CG - Central Government; RLG - Regional and Local Government; SSF - Social Security Funds; GG- General Government. Note: the sum of the subsector balances may not correspond to the GG balance due to rounding.

Sheet Gráfico 2_Chart 2
A1: Índice
B2: ="Valores subjacentes ao "&Índice!B12 -> Valores subjacentes ao Gráfico 2 - Postura da política orçamental
B3: ="Values underlying "&Índice!D12 -> Values underlying Chart 2 - Fiscal stance
B6: Natureza da política orçamental em relação ao ciclo económico (% PIB) | F6: Fiscal stance in relation to the economic cycle (% GDP) (left panel)
C7: 2025 | D7: 2026 | E7: 2027
B8: Financiamento Nacional | C8: 0 | D8: -0.8 | E8: 0.3 | F8: National Budget
B9: Fundos Europeus | C9: -0.3 | D9: -0.5 | E9: 0.4 | F9: European Funds
B10: Postura da Política Orçamental | C10: -0.3 | D10: -1.4 | E10: 0.7 | F10: Fiscal Stance
B15: Impulso gerado pelo Orçamento Nacional em relação ao ciclo económico (% PIB) | F15: Impulse generated by the National Budget in relation to the economic cycle (% GDP) (right panel)
C16: 2025 | D16: 2026 | E16: 2027
B17: Despesa corrente primária | C17: -0.2 | D17: -0.6 | E17: 0.2 | F17: Primary current expenditure
B18: FBCF | C18: 0 | D18: 0 | E18: 0 | F18: GFCF
B19: Outra despesa capital | C19: 0.2 | D19: -0.2 | E19: 0.1 | F19: Other capital expenditure
B20: Financiamento nacional | C20: 0 | D20: -0.8 | E20: 0.3 | F20: National budget
B23: Fonte: MF. Cálculos CFP. | Notas: um sinal negativo (positivo) indica um crescimento da despesa líquida superior (inferior) em relação ao crescimento do PIB potencial a médio prazo, o que corresponde a uma orientação orçamental expansionista (restritiva). Deve ter-se presente que a análise assenta em valores preliminares, estando sujeita a revisões.
B24: Source: MF. CFP calculations. | Notes: a negative (positive) sign indicates higher (lower) net expenditure growth relative to potential GDP growth in the medium term, which corresponds to an expansionary (restrictive) fiscal stance. It should be noted that the analysis is based on preliminary figures and is subject to revision.

Sheet Gráfico 3_Chart 3
A1: Índice
C2: ="Valores subjacentes ao "&Índice!B13 -> Valores subjacentes ao Gráfico 3 - Evolução da dívida pública (% e p.p. do PIB)
C3: ="Values underlying "&Índice!D13 -> Values underlying Chart 3 - Public debt developments (% of GDP and GDP p.p.)
C5: PT | EN
C6: Enquadramento das previsões (% PIB)
C7: Forecasts framework (% GDP)
C8: Entidade | D8: 2022 | E8: =+D8+1 -> 2023 | F8: =+E8+1 -> 2024 | G8: =+F8+1 -> 2025 | H8: =+G8+1 -> 2026 | I8: =+H8+1 -> 2027 | J8: Institution
C10: CE (mai) | D10: 112.4 | E10: 97.7 | F10: 94.9 | G10: 91.7 | H10: 87.6 | I10: 86 | J10: EC (may)
C11: OCDE (jun) | D11: 112.4 | E11: 97.7 | F11: 94.9 | G11: 92 | H11: 86.3 | I11: 83.3 | J11: OECD (june)
C12: CFP (set) | D12: 112.4 | E12: 97.7 | F12: 94.9 | G12: 91.2 | H12: 85.9 | I12: 83.5 | J12: CFP (sep)
C13: MF (out) | D13: 111.2 | E13: 96.9 | F13: 93 | G13: 90.2 | H13: 87.5 | I13: 84.5 | J13: MF (oct)
C14: FMI (out) | D14: 111.2 | E14: 96.9 | F14: 93.6 | G14: 90.9 | H14: 85.1 | I14: 81 | J14: FMI (out)
C15: BdP (jun) | D15: 112.4 | E15: 99.1 | F15: 94.9 | G15: 91.1 | H15: 85.7 | I15: 82.5 | J15: BdP (jun)
C17: Fontes: MF, BdP, CE, FMI e OCDE.
C18: Source: MF, BdP, EC, IMF and OECD.
C21: Decomposição da variação
C22: Change decomposition
C23: PT | EN
C25: Dívida de Maastricht 2026 (% do PIB) | D25: 87.5 | E25: 2026 Maastricht debt (% of GDP)
C26: Variação (p.p. do PIB) | D26: -3 | E26: Change (p.p. of GDP)
C27: Efeito saldo primário | D27: -2.5 | E27: Primary balance effect
C28: Efeito dinâmico | D28: -1.4 | E28: Dynamic effect
C29: Efeito juros | D29: 2.4 | E29: Interest effect
C30: Efeito PIB | D30: -3.8 | E30: GDP effect
C31: Efeito deflator do PIB | D31: -2.1 | E31: GDP deflator effect
C32: Efeito PIB real | D32: -1.8 | E32: Real GDP effect
C33: Ajustamento défice-dívida | D33: 0.9 | E33: Stock-flow adjustment
C34: Dívida de Maastricht 2027 (% do PIB) | D34: 84.5 | E34: 2027 Maastricht debt (% of GDP)
D35: 0
C36: Fonte: MF.
C37: Source: MF.

Sheet Gráfico 4_Chart 4
A1: Índice
B2: ="Valores subjacentes ao "&Índice!B14 -> Valores subjacentes ao Gráfico 4 - Necessidades de financiamento do Estado em 2027
B3: ="Values underlying "&Índice!D14 -> Values underlying Chart 4 - State borrowing requirements in 2027
B5: Despesa com ativos financeiros (M€)
B6: Financial assets expenditure (M€)
B7: PT | EN
B8: Despesa com ativos financeiros | C8: Média executado Average outturn 2015-2025 | E8: OE/2026 SB/2026 | F8: POE/2027 DSB/2027 | G8: Financial assets expenditure
B9: Emprestimos a curto prazo | E9: 50 | F9: 100 | G9: Short term loans
B10: Emprestimos médio e longo prazo | E10: 6660.9 | F10: 7689.8 | G10: Medium and long term loans
B11: Ações e outras participações | E11: 4150 | F11: 7444.9 | G11: Shares and other equity
B12: Outros ativos financeiros | E12: 1350.1 | F12: 2007.2 | G12: Other financial assets
B13: Total | C13: 4506.1594 | E13: 12211 | F13: 17241.9 | G13: Total
B15: Fontes: DGO e MF.
B16: Sources: DGO and MF.
B18: Amortizações de dívida (mil M€)
B19: Debt redemptions (bln €)
B20: PT | EN
C22: 2026 | E22: 2027
B23: CA + CT | C23: 5.2 | E23: 5.1 | F23: SC + TC
B24: BT | C24: 10.7 | E24: 11.7 | F24: CEDIC
B25: OT | C25: 9.6 | E25: 15.2 | F25: TB
B26: PAEF | C26: 5 | E26: 3 | F26: PGB
B27: CEDIC+CEDIM | C27: 25.4 | E27: 23.8 | F27: OTRV
B28: Outra dívida CP+LP | C28: 1.5 | E28: 0 | F28: EFAP
B30: Fonte: MF. | Notas: Outra dívida = CEDIM, Outra dívida de curto prazo, Outra dívida de longo prazo, Dívida não euro e Fluxos de capital de swaps (líq.); BT = Bilhetes do Tesouro e OT = Obrigações do Tesouro; CA = Certificados de Aforro e CT = Certificados do Tesouro; PAEF = Programa de Assistência Económica e Financeira; CEDIC = Certificados Especiais de Dívida de Curto-prazo.
B31: Source: MF. | Notes: Other debt = CEDIM, Other short-term debt, Other long-term debt, Non-euro debt and swaps (net); TB = Treasury Bills and PGB = Portuguese Government Bonds; SC = Saving Certificates and TC = Treasury Certificates; EFAP = Economic and Financial Assistance Programme; CEDIC = Special Shot-term Debt Certificates.

Sheet Gráfico 5_Chart 5
A1: Índice
B2: ="Valores subjacentes ao "&Índice!B15 -> Valores subjacentes ao Gráfico 5 - Fontes de financiamento do Estado
B3: ="Values underlying "&Índice!D15 -> Values underlying Chart 5 - State borrowing sources
B5: Custo da dívida (%)
B6: Debt cost (%)
B7: PT | EN
C8: 2020 | D8: 2021 | E8: 2022 | F8: 2023 | G8: 2024 | H8: 2025 | I8: 2026(*)
B9: Custo da dívida emitida | C9: 0.5 | D9: 0.6 | E9: 1.7 | F9: 3.5 | G9: 3.4 | H9: 3.4 | I9: 3.4 | J9: Debt issuance cost
B10: Taxa de juro de mercado das OT 10 anos | C10: 0.4 | D10: 0.3 | E10: 2.2 | F10: 3.2 | G10: 3 | H10: 3.1 | I10: 3.9 | J10: 10 year PGB market interest rate
B12: Fontes: MF, IGCP, Macrobond. | Notas: (*) O valor da taxa de juro de mercado das OT a 10 anos para o ano de 2026 corresponde ao valor observado no dia 16 de outubro de 2026.
B13: Sources: MF, IGCP, Macrobond. | Notes: (*) The market interest rate on 10-year OTs for the year 2026 corresponds to the rate observed on 16 October 2026.
B15: Instrumentos de dívida (mil M€)
B16: Debt instruments (bln €)
B17: PT | EN
C18: 2026 | D18: 2027
B19: CA + CT | C19: 5.9 | D19: 3.2 | E19: SC + TC
B20: BT | C20: 1 | D20: 4.4 | E20: TB
B21: OT | C21: 12.9 | D21: 10.8 | E21: PGB
B22: PAEF | C22: -5 | D22: -3 | E22: OTRV
B23: PRR | C23: 2.2 | D23: 0 | E23: RRP
B24: SAFE | C24: 0.9 | D24: 1.2 | E24: SAFE
B25: CEDIC+CEDIM | C25: -1.8 | D25: -3.4 | E25: CEDIC +CEDIM
B26: Outra dívida CP+LP | C26: -0.4 | D26: 3.5 | E26: Other debt
B28: Fonte: MF. | Notas: Outra dívida = CEDIC, CEDIM, Outra dívida de curto prazo, Outra dívida de longo prazo, Dívida não euro e Fluxos de capital de swaps (líq.); BT = Bilhetes do Tesouro e OT = Obrigações do Tesouro; CA = Certificados de Aforro e CT = Certificados do Tesouro; PRR=Plano de Recuperação e Resiliência; PAEF = Programa de Assistência Económica e Financeira.
B29: Source: MF. | Notes: Other debt = CEDIC+ CEDIM (Special Short-Term Public Debt Certificates and Special Medium and Long-term Debt Certificates), Other short-term debt, Other long-term debt, Non-euro debt and swaps (net); TB = Treasury Bills and PGB = Portuguese Government Bonds; SC = Saving Certificates and TC = Treasury Certificates; RRP = Recovery and Resilence Facility; EFAP = Economic and Financial Assistance Programme.

Sheet Gráfico 6_Chart 6
A1: Índice
B2: ="Valores subjacentes ao "&Índice!B16 -> Valores subjacentes ao Gráfico 6 - Maturidade da dívida direta do Estado
B3: ="Values underlying "&Índice!D16 -> Values underlying Chart 6 - Maturity of State direct debt
B5: Maturidade média
B6: Average maturity
B7: PT | EN
C8: 2022 | D8: 2023 | E8: 2024 | F8: 2025 | G8: 2026 (*)
B9: Maturidade média residual | C9: 7.2 | D9: 7.2 | E9: 7.2 | F9: 7.3 | G9: 7.7 | H9: Average residual maturity
B10: Maturidade média da dívida de MLP emitida em cada ano | C10: 11.3 | D10: 15.6 | E10: 16.5 | F10: 13.6 | G10: 11.5 | H10: Average maturity of MLT debt issuance in each year
B12: Fontes: MF e IGCP.
B13: Sources: MF and IGCP.
B15: Saldo de BT e OT (% da dívida direta do Estado)
B16: T-bills and PGBs outstanding (% of State Direct Debt)
B17: PT | EN
C18: 2022 | D18: 2023 | E18: 2024 | F18: 2025 | G18: 2026 | H18: 2027
B19: BT | C19: 2.7 | D19: 1 | E19: 2.9 | F19: 3.4 | G19: 3.5 | H19: 4.6 | I19: T-bills
B20: OT | C20: 54.5 | D20: 52.2 | E20: 53.3 | F20: 54.1 | G20: 55.5 | H20: 56.2 | I20: PGBs
B22: Fontes: MF e IGCP.
B23: Sources: MF and IGCP.

Sheet Quadro 1_Table 1
A1: Índice
B3: =+Índice!B19 -> Quadro 1 - Indicadores orçamentais
B4: =+Índice!D19 -> Table 1 - Budget indicators
B5: PT | EN
C6: Em % do PIB | In % of GDP | F6: Variação (p.p. PIB) | Change (GDP p.p.)
C7: 2025 | D7: POE/2027 | F7: POE/2027
D8: 2026 | E8: 2027 | F8: 2026 | G8: 2027
B9: Saldo primário | C9: 2.6 | D9: 2.1 | E9: 2.5 | F9: -0.5 | G9: 0.4 | H9: Primary
B10: Saldo orçamental | C10: 0.7 | D10: 0 | E10: 0.1 | F10: -0.6 | G10: 0.1 | H10: Actual (headline)
B11: Ajustado de medidas one-off | C11: 0.7 | D11: 0.5 | E11: 0.3 | F11: -0.2 | G11: -0.2 | H11: Adjusted of one-off measures
B12: Ajustado do ciclo | C12: 0.6 | D12: -0.1 | E12: 0 | F12: -0.7 | G12: 0 | H12: Cyclically adjusted
B13: Saldo estrutural | C13: 0.7 | D13: 0.4 | E13: 0.2 | F13: -0.3 | G13: -0.2 | H13: Structural
B14: Saldo primário estrutural | C14: 2.6 | D14: 2.5 | E14: 2.6 | F14: -0.2 | G14: 0.1 | H14: Structural primary
B15: por memória | F15: 0 | G15: 0 | H15: memo items
B16: medidas one-off | C16: -0.1 | D16: -0.5 | E16: -0.2 | F16: -0.4 | G16: 0.3 | H16: one-off measures
B17: hiato do produto* | C17: 0.1 | D17: 0.2 | E17: 0.2 | F17: 0.1 | G17: 0 | H17: output gap*
B18: componente cíclica | C18: 0.1 | D18: 0.1 | E18: 0.1 | F18: 0 | G18: 0 | H18: cyclical component
B19: juros | C19: 2 | D19: 2 | E19: 2.4 | F19: 0.1 | G19: 0.4 | H19: interest payments
B21: Fontes: INE, MF. Cálculos do CFP, tendo em conta a metodologia comunitária para a componente cíclica do saldo orçamental. Nota: * O hiato do produto corresponde à diferença entre o produto observado da economia (PIB) e a estimativa do produto potencial, em percentagem do produto potencial. As variações podem não corresponder necessariamente às diferenças dos valores em percentagem do PIB devido a arredondamentos. O saldo estrutural é obtido pela diferença entre o saldo orçamental ajustado de medidas one-off e a componente cíclica. A classificação de medidas one-off é a do MF.
B22: Sources: INE, MF. CFP calculations, taking into account the common methodology agreed in the EU for the cyclical component of the budget balance. Note: * The output gap corresponds to the difference between the observed output of the economy (GDP) and the estimate of potential output, as a percentage of potential output. The variations may not necessarily correspond to the differences in the values as a percentage of GDP due to rounding. The structural balance is obtained by the difference between the budget balance adjusted for one-off measures and the cyclical component. The classification of one-off measures is that of the Ministry of Finance.

Sheet Quadro 2_Table 2
A1: Índice
B2: =Índice!B20 -> Quadro 2 - Conta das Administrações Públicas da POE/2027
B3: =Índice!D20 -> Table 2 - General government account of the DSB/2027
B4: PT | EN
G5: M€ | K5: % do PIB | % of GDP
G6: 2025 | H6: 2026 E | I6: 2027 P | K6: 2025 | L6: 2026 E | M6: 2027 P
B8: Receita Total | G8: 132694 | H8: 146559 | I8: 143356 | K8: 43 | L8: 45 | M8: 42.1 | N8: Total revenue
C9: Receita corrente | G9: 128849 | H9: 138620 | I9: 140879 | K9: 41.8 | L9: 42.6 | M9: 41.4 | N9: Current revenue
D10: Receita fiscal | G10: 75314 | H10: 78322 | I10: 80886 | K10: 24.4 | L10: 24.1 | M10: 23.8 | O10: Tax revenue
E11: Impostos indiretos | G11: 44510 | H11: 46746 | I11: 48667 | K11: 14.4 | L11: 14.4 | M11: 14.3 | P11: Indirect taxes
E12: Impostos diretos | G12: 30804 | H12: 31576 | I12: 32219 | K12: 10 | L12: 9.7 | M12: 9.5 | P12: Direct taxes
D13: Contribuições sociais | G13: 38745 | H13: 41815 | I13: 44636 | K13: 12.6 | L13: 12.8 | M13: 13.1 | O13: Social contributions
E14: Das quais: efetivas | G14: 33045 | H14: 35721 | I14: 38258 | K14: 10.7 | L14: 11 | M14: 11.2 | P14: of which: actual soc. contr. received
D15: Vendas e outras receitas correntes | G15: 14790 | H15: 18483 | I15: 15357 | K15: 4.8 | L15: 5.7 | M15: 4.5 | O15: Sales & other current revenues
E16: Vendas de bens e serviços | G16: 8761 | H16: 8940 | I16: 9127 | K16: 2.8 | L16: 2.7 | M16: 2.7 | P16: Sales
E17: Outra receita corrente | G17: 6029 | H17: 9543 | I17: 6230 | K17: 2 | L17: 2.9 | M17: 1.8 | P17: Other current revenues
C18: Receitas de capital | G18: 3845 | H18: 7939 | I18: 2477 | K18: 1.2 | L18: 2.4 | M18: 0.7 | N18: Capital transfers received
B19: Despesa Total | G19: 130648 | H19: 146472 | I19: 143081 | K19: 42.3 | L19: 45 | M19: 42 | N19: Total expenditure
C20: Despesa primária | G20: 124620 | H20: 139803 | I20: 134864 | K20: 40.4 | L20: 43 | M20: 39.6 | N20: Primary expenditure
D21: Despesa corrente primária | G21: 112815 | H21: 122378 | I21: 124218 | K21: 36.6 | L21: 37.6 | M21: 36.5 | O21: Current primary expenditure
E22: Consumo intermédio | G22: 15408 | H22: 17440 | I22: 16744 | K22: 5 | L22: 5.4 | M22: 4.9 | P22: Intermediate consumption
E23: Despesas com pessoal | G23: 32631 | H23: 34171 | I23: 35983 | K23: 10.6 | L23: 10.5 | M23: 10.6 | P23: Compensation of employees
E24: Prestações sociais | G24: 55011 | H24: 57801 | I24: 59991 | K24: 17.8 | L24: 17.8 | M24: 17.6 | P24: Social benefits
F25: que não em espécie | G25: 49064 | H25: 51456 | I25: 53455 | K25: 15.9 | L25: 15.8 | M25: 15.7 | Q25: other than in kind
F26: em espécie | G26: 5947 | H26: 6344 | I26: 6536 | K26: 1.9 | L26: 1.9 | M26: 1.9 | Q26: in kind
E27: Subsídios | G27: 1788 | H27: 2222 | I27: 1936 | K27: 0.6 | L27: 0.7 | M27: 0.6 | P27: Subsidies
E28: Outra despesa corrente | G28: 7976 | H28: 10744 | I28: 9564 | K28: 2.6 | L28: 3.3 | M28: 2.8 | P28: Other current expenditure
D29: Despesas de capital | G29: 11805 | H29: 17425 | I29: 10646 | K29: 3.8 | L29: 5.4 | M29: 3.1 | O29: Capital expenditure
E30: FBCF | G30: 8843 | H30: 14035 | I30: 9687 | K30: 2.9 | L30: 4.3 | M30: 2.8 | P30: GFCF
E31: Outras despesas de capital | G31: 2962 | H31: 3390 | I31: 959 | K31: 1 | L31: 1 | M31: 0.3 | P31: Other capital expenditure
C32: Juros | G32: 6028 | H32: 6669 | I32: 8217 | K32: 2 | L32: 2 | M32: 2.4 | N32: Interest paid
B33: Saldo global | G33: 2045 | H33: 86 | I33: 275 | K33: 0.7 | L33: 0 | M33: 0.1 | O33: General government balance
B34: Saldo primário | G34: 8074 | H34: 6756 | I34: 8492 | K34: 2.6 | L34: 2.1 | M34: 2.5 | O34: Primary balance
B35: Receita fiscal e contributiva | G35: 114059 | H35: 120137 | I35: 125522 | K35: 37 | L35: 36.9 | M35: 36.9 | O35: Tax revenue and social contributions
B36: Carga fiscal | G36: 108359 | H36: 114043 | I36: 119144 | K36: 35.1 | L36: 35 | M36: 35 | O36: Fiscal burden
B37: Receita não fiscal e não contributiva | G37: 18635 | H37: 26422 | I37: 17834 | K37: 6 | L37: 8.1 | M37: 5.2 | O37: Non tax and non contribution revenue
B38: Despesa Corrente | G38: 118843 | H38: 129047 | I38: 132435 | K38: 38.5 | L38: 39.6 | M38: 38.9 | O38: Current Expenditure
B39: PIB nominal | G39: 308538 | H39: 325495 | I39: 340535 | K39: - | L39: - | M39: - | O39: Nominal GDP
G40: 308538.23 | H40: 325495.27 | I40: 340535.22
B41: Fontes: INE (2025) e Ministério das Finanças (2026 e 2027). Cálculos do CFP. "E" denota estimativa e “P” denota previsão.
B42: Source: INE (2025) and Ministry of Finance (2026 and 2027). CFP calculations. "E" stands for estimate and "P" stands for projection.

Sheet Quadro 3_Table 3
A1: Índice
B3: =+Índice!B21 -> Quadro 3 – Estimativa anual de 2026 subjacente à POE/2027 (1.º semestre observado e 2.º semestre implícito na estimativa do MF)
B4: =+Índice!D21 -> Table 3 - Annual estimate for 2026 underlying the DSB/2027 (1st half observed and 2nd half implied in the Ministry of Finance’s estimate)
D5: PT | EN
F6: Milhares de M€ | J6: Tvh. %
F7: 1.º Sem. | G7: 2.º Sem. | H7: Ano | J7: 1.º Sem. | K7: 2.º Sem. | L7: Ano
D8: Receita Total | F8: 61.3 | G8: 73 | H8: 134.3 | J8: 5.6 | K8: 4.6 | L8: 5 | N8: Total revenue
D9: Receita corrente | F9: 61.3 | G9: 72.9 | H9: 134.1 | J9: 5.6 | K9: 4.5 | L9: 5 | N9: Current revenue
D10: Receita fiscal | F10: 33.8 | G10: 44.5 | H10: 78.3 | J10: 3.1 | K10: 4.7 | L10: 4 | N10: Tax revenue
D11: Impostos indiretos | F11: 22 | G11: 24.7 | H11: 46.7 | J11: 5.7 | K11: 4.5 | L11: 5 | N11: Indirect taxes
D12: Impostos directos | F12: 11.8 | G12: 19.7 | H12: 31.6 | J12: -1.3 | K12: 4.9 | L12: 2.5 | N12: Direct taxes
D13: Contribuições Sociais | F13: 19.8 | G13: 22 | H13: 41.8 | J13: 7.8 | K13: 8.1 | L13: 7.9 | N13: Social Contributions
D14: Vendas de bens e serviços | F14: 4.4 | G14: 4.5 | H14: 8.9 | J14: 7.9 | K14: -3.1 | L14: 2 | N14: Sales
D15: Outra receita corrente | F15: 3.1 | G15: 1.9 | H15: 5 | J15: 18.7 | K15: -14.2 | L15: 3.7 | N15: Other current revenues
D16: Receitas de capital | F16: 0.1 | G16: 0.2 | H16: 0.2 | J16: -23.3 | K16: 23.8 | L16: 5.5 | N16: Capital transfers received
D17: Despesa Total | F17: 60.5 | G17: 73.7 | H17: 134.3 | J17: 6.6 | K17: 6.8 | L17: 6.7 | N17: Total expenditure
D18: Despesa Primária | F18: 57.6 | G18: 70 | H18: 127.6 | J18: 6.8 | K18: 6.2 | L18: 6.5 | N18: Primary expenditure
D19: Despesa Corrente Primária | F19: 54 | G19: 63.9 | H19: 117.9 | J19: 6.1 | K19: 5.1 | L19: 5.6 | N19: Current primary expenditure
... D27: Juros | F27: 3 | G27: 3.7 | H27: 6.7 | J27: 1.4 | K27: 19.3 | L27: 10.6 | N27: Interest paid
D28: Saldo global | F28: 0.8 | G28: -0.7 | H28: 0.1 | N28: General government balance
D29: Saldo Primário | F29: 3.8 | G29: 3 | H29: 6.8 | N29: Primary balance
D30: PIB nominal | F30: 157.3 | G30: 168.2 | H30: 325.5 | J30: 6 | K30: 5 | L30: 5.5 | N30: Nominal GDP
D32: Fonte: INE e projeção CFP. | Nota: Os valores apresentados no quadro encontram-se expurgados do efeito das subvenções do PRR e dos restantes fundos da União Europeia contabilizados na receita de capital e FBCF.
D33: Source: INE and CFP projection. | Note: The figures shown in the table exclude the effect of RRP grants and other European Union funds accounted for in capital revenue and GFCF.

Sheet Quadro 4_Table 4
A1: Índice
B3: =+Índice!B22 -> Quadro 4 - Cenário de projeção orçamental do CFP subjacente à POE/2027, excluindo o efeito das subvenções do PRR e dos restantes fundos da União Europeia (em M€)
B4: =+Índice!D22 -> Table 4 - CFP budget projection scenario underlying the DSB/2027, excluding the effect of RRP grants and other European Union funds (in M€)
D5: PT | EN
F6: Milhares de M€ | J6: % do PIB
F7: Billions € | J7: % GDP
F8: 2026 | G8: 2027 | H8: Tv% | J8: 2026 | K8: 2027 | L8: var. (p.p.)
D9: Receita Total | F9: 135.3 | G9: 139.1 | H9: 2.8 | J9: 41.6 | K9: 40.9 | L9: -0.7 | N9: Total revenue
D10: Receita corrente | F10: 135 | G10: 138.8 | H10: 2.8 | J10: 41.5 | K10: 40.8 | L10: -0.7 | N10: Current revenue
D11: Receita fiscal | F11: 79.1 | G11: 80.7 | H11: 2.1 | J11: 24.3 | K11: 23.7 | L11: -0.6 | N11: Tax revenue
D12: Impostos indiretos | F12: 46.9 | G12: 49.5 | H12: 5.7 | J12: 14.4 | K12: 14.6 | L12: 0.1 | N12: Indirect taxes
D13: Impostos directos | F13: 32.2 | G13: 31.2 | H13: -3.3 | J13: 9.9 | K13: 9.2 | L13: -0.8 | N13: Direct taxes
D14: Contribuições Sociais | F14: 41.4 | G14: 43.5 | H14: 5 | J14: 12.7 | K14: 12.8 | L14: 0 | N14: Social Contributions
D15: Vendas de bens e serviços | F15: 9.1 | G15: 9.4 | H15: 2.7 | J15: 2.8 | K15: 2.8 | L15: -0.1 | N15: Sales
D16: Outra receita corrente | F16: 5.3 | G16: 5.2 | H16: -2.3 | J16: 1.6 | K16: 1.5 | L16: -0.1 | N16: Other current revenues
D17: Receitas de capital | F17: 0.2 | G17: 0.2 | H17: 4.7 | J17: 0.1 | K17: 0.1 | L17: 0 | N17: Capital transfers received
D18: Despesa Total | F18: 134.9 | G18: 139.5 | H18: 3.4 | J18: 41.5 | K18: 41 | L18: -0.5 | N18: Total expenditure
D19: Despesa Primária | F19: 128.4 | G19: 132.5 | H19: 3.1 | J19: 39.5 | K19: 38.9 | L19: -0.6 | N19: Primary expenditure
D20: Despesa Corrente Primária | F20: 118.2 | G20: 122.6 | H20: 3.7 | J20: 36.4 | K20: 36 | L20: -0.3 | N20: Current primary expenditure
... D28: Juros | F28: 6.4 | G28: 7 | H28: 9 | J28: 2 | K28: 2.1 | L28: 0.1 | N28: Interest paid
D29: Saldo global | F29: 0.4 | G29: -0.4 | J29: 0.1 | K29: -0.1 | N29: General government balance
D30: Saldo Primário | F30: 6.8 | G30: 6.6 | J30: 2.1 | K30: 1.9 | N30: Primary balance
D31: PIB nominal | F31: 325.1 | G31: 340.3 | H31: 4.7 | N31: Nominal GDP
D33: Fonte: CFP projection| Nota: Os valores apresentados no quadro encontram-se expurgados do efeito das subvenções do PRR e dos restantes fundos da União Europeia.
D34: Source: CFP projection. | Note: The figures shown in the table exclude the effect of RRP grants and other European Union funds.

Sheet Quadro 5_Table 5
A1: Índice
B3: =+Índice!B23 -> Quadro 5 - Dinâmica da Dívida no cenário de projeção do CFP (% do PIB)
B4: =+Índice!D23 -> Table 5 - Debt dynamics in the CFP projection scenario (% of GDP)
B5: PT | EN
D6: BdP | E6: CFP
D7: 2025 | E7: 2026 | F7: 2027 | G7: var./ change (p.p.)
B8: Dívida Pública | D8: 89.2 | E8: 85.5 | F8: 83.3 | G8: -2.2 | H8: Public debt
B9: Variação do rácio da dívida, decomposição: | D9: -3.9 | E9: -3.7 | F9: -2.2 | G9: 1.4 | H9: Debt ratio change, decompisition:
B10: (-) Saldo Primário | D10: 2.6 | E10: 2.1 | F10: 1.9 | G10: -0.2 | H10: (-) Primary Balance
B11: (+) Efeito dinâmico ou bola de neve | D11: -3.3 | E11: -2.6 | F11: -1.8 | G11: 0.8 | H11: (+) Snow ball effect
B12: (+) Ajustamento défice-Dívida | D12: 2 | E12: 1 | F12: 1.4 | G12: 0.4 | H12: (+) Stock-flow adjustment

Sheet Quadro 6_Table 6
A1: Índice
B2: =+Índice!B24 -> Quadro 6 - Evolução da Dívida Pública e previsão do MF (% do PIB)
B3: =+Índice!D24 -> Table 6 – Developments in public debt and Ministry of Finance’s forecast (% of GDP)
B5: PT | EN
D6: BdP | F6: MF
D7: 2024 | E7: 2025 | F7: 2026 | G7: 2027 | H7: Var. (p.p.)
C8: Dívida Pública | D8: 93 | E8: 89.2 | F8: 87.5 | G8: 84.5 | H8: -3
C9: Variação do rácio da dívida pública, decomposição: | D9: -3.8 | E9: -3.9 | F9: -1.6 | G9: -3 | H9: -1.4
C10: (-) Saldo Primário | D10: 2.8 | E10: 2.6 | F10: 2.1 | G10: 2.5 | H10: 0.4
C11: (+) Efeito dinâmico ou bola de neve | D11: -4.9 | E11: -3.3 | F11: -2.5 | G11: -1.4 | H11: 1.1
C12: (+) Ajustamento défice-dívida | D12: 3.8 | E12: 2 | F12: 3 | G12: 0.9 | H12: -2.1
B14: Fonte: BdP e MF.
B15: Source: BdP and MF.

Sheet Quadro 7_Table 7
A1: Índice
B2: =Índice!B25 -> Quadro 7- Necessidades de financiamento do Estado em 2026 - 2027 (M€)
B3: =Índice!D25 -> Table 7 - State borrowing requirements in 2026-2027 (M€)
B4: PT | EN
E5: Amount | F5: Weight (%) | H5: Amount | I5: Weight (%) | K5: Amount | L5: %
E6: 2026 | H6: 2027 | K6: Change 2026/27
B7: Necessidades de Financiamento | K7: Var. 2027/26 | M7: Financing Needs
E8: Valor | F8: Peso (%) | H8: Valor | I8: Peso (%) | K8: Valor | L8: %
B9: 1. | C9: Necessidades líquidas de financiamento (a) + (b) - (c ) | E9: 13261 | F9: 18.775574 | H9: 16744 | I9: 22.180421 | K9: 3483 | L9: 26.264988 | M9: 1. | N9: Net Financing Needs (a) + (b) - (c )
C10: a) | D10: Défice Orçamental | E10: 9405 | F10: 13.31606 | H10: 9566 | I10: 12.671877 | K10: 161 | L10: 1.7118554 | N10: a) | O10: Budget deficit
C11: b) | D11: Aquisição Líq. ativos financ. (exceto privatizações) | E11: 4623 | F11: 6.54547 | H11: 7178 | I11: 9.5085442 | K11: 2555 | L11: 55.267143 | N11: b) | O11: Net purchasing of financial assets (except privatisation)
C12: c) | D12: Receitas de privatização | E12: 767 | F12: 1.0859562 | H12: 0 | I12: 0 | K12: -767 | L12: 0 | N12: c) | O12: Privatisation revenues
B13: 2. | C13: Amortizações e anulações [dívida fundada] (d) + (e) + (f) + (g) + (h) | E13: 57367 | F13: 81.224426 | H13: 58746 | I13: 77.819579 | K13: 1378 | L13: 2.402036 | M13: 2. | N13: Redemptions and cancellations [funded debt] (d) + (e) + (f) + (g) + (h)
C14: d) | D14: CA + CT | E14: 5152 | F14: 7.2944541 | H14: 5061 | I14: 6.7041992 | K14: -91 | L14: -1.7663043 | N14: d) | O14: SC + TC
C15: e) | D15: Dívida de curto prazo em euros | E15: 35431 | F15: 50.164946 | H15: 34482 | I15: 45.677573 | K15: -949 | L15: -2.6784454 | N15: e) | O15: Short-term euro-denominated debt
C16: f) | D16: Dívida de mlp em euros | E16: 16786 | F16: 23.766442 | H16: 19203 | I16: 25.437806 | K16: 2417 | L16: 14.398904 | N16: f) | O16: Medium and long term euro denominated debt
C17: g) | D17: Dívida em moeda não euro | E17: 0 | F17: 0 | H17: 0 | I17: 0 | K17: 0 | L17: 0 | N17: g) | O17: Non-euro denominated debt
C18: h) | D18: Fluxos de capital swaps (Líq.) | E18: -1 | F18: -0.001415849 | H18: 0 | I18: 0 | K18: 1 | L18: 0 | N18: h) | O18: Swaps capital flows (net)
B19: 3. | C19: Necessidades Brutas de Financiamento (1) + (2) | E19: 70628 | F19: 100 | H19: 75489 | I19: 100 | K19: 4861 | L19: 6.8824421 | M19: 3. | N19: Gross Financing Needs (1) + (2)
B21: Fonte: MF. Cálculos do CFP.
B22: Source: MF. CFP calculations.

Sheet Quadro 8_Table 8
A1: Índice
B2: =+Índice!B26 -> Quadro 8 - Instrumentos de contenção orçamental (M€)
B3: =+Índice!D26 -> Table 8 - Budgetary containment instruments (M€)
B5: PT | EN
B6: Designação | D6: OE/2026 | E6: POE/2027 | F6: Variação | G6: Designation
D7: SB/2026 | E7: DSB/2027 | F7: Change
C8: 1. Dotação provisional | D8: 500 | E8: 500 | F8: 0 | G8: 1. Provisional allocation
C9: 2. Reservas: | D9: 2053.2 | E9: 1928 | F9: -125.2 | G9: 2. Reserves:
C10: Reserva sectorial | D10: 1243.6 | E10: 1394.1 | F10: 150.5 | G10: Sectorial reserve
C11: Reserva MF | D11: 809.6 | E11: 533.9 | F11: -275.7 | G11: MF reserve
C12: 3. Dotações centralizadas: | D12: 1333.9 | E12: 1333.9 | F12: 0 | G12: 3. Centralized allocations:
C13: Regularização de passivos e aplicação de ativos | D13: 1278.9 | E13: 1278.9 | F13: 0 | G13: Regularization of liabilities and application of assets
C14: Contrapartida pública nacional global | D14: 50 | E14: 50 | F14: 0 | G14: Overall national public contribution
C15: Orçamento participativo | D15: 5 | E15: 5 | F15: 0 | G15: Participatory budgeting
C16: Total | D16: 3887.1 | E16: 3761.9 | F16: -125.2 | G16: Total
B17: Fonte: MF. Cálculos do CFP. | Notas: valores em contabilidade orçamental pública, incluindo despesa com ativos e passivos financeiros; até 2025 a reserva sectorial correspondia às cativações orçamentais e a reserva sectorial era designada por reserva orçamental.
B18: Source: MF. CFP calculations. | Notes: values ​​in cash basis accounting, including expenditure on financial assets and liabilities; untill 2025, the sectorial reserve corresponded to the budetary retentions and the MF reserve was designated by Budgtary reserve.

Sheet Quadro 9_Table 9
A1: Índice
B3: =Índice!B27 -> Quadro 9 - Conta das Administrações Públicas, em contabilidade nacional
B4: =Índice!D27 -> Table 9 - General government account, in national accounts
B6: PT | EN
G7: M€ | K7: Variação | Change | Q7: % do PIB | % of GDP | U7: Variação | Change
G8: 2025 | H8: 2026 E | I8: 2027 P | K8: M€ | N8: % | Q8: 2025 | R8: 2026 E | S8: 2027 P | U8: p.p. do PIB | GDP p.p.
K9: 2025/26 | L9: 2026/27 | N9: 2025/26 | O9: 2026/27 | U9: 2025/26 | V9: 2026/27
B10: Receita Total | G10: 132694 | H10: 146559 | I10: 143356 | K10: 13865 | L10: -3203 | N10: 10.4 | O10: -2.2 | Q10: 43 | R10: 45 | S10: 42.1 | U10: 2 | V10: -2.9 | W10: Total revenue
C11: Receita corrente | G11: 128849 | H11: 138620 | I11: 140879 | K11: 9771 | L11: 2259 | N11: 7.6 | O11: 1.6 | Q11: 41.8 | R11: 42.6 | S11: 41.4 | U11: 0.8 | V11: -1.2 | X11: Current revenue
D12: Receita fiscal | G12: 75314 | H12: 78322 | I12: 80886 | K12: 3008 | L12: 2564 | N12: 4 | O12: 3.3 | Q12: 24.4 | R12: 24.1 | S12: 23.8 | U12: -0.3 | V12: -0.3 | W12: Tax revenue
E13: Impostos indiretos | G13: 44510 | H13: 46746 | I13: 48667 | K13: 2236 | L13: 1921 | N13: 5 | O13: 4.1 | Q13: 14.4 | R13: 14.4 | S13: 14.3 | U13: -0.1 | V13: -0.1 | X13: Indirect taxes
E14: Impostos diretos | G14: 30804 | H14: 31576 | I14: 32219 | K14: 772 | L14: 643 | N14: 2.5 | O14: 2 | Q14: 10 | R14: 9.7 | S14: 9.5 | U14: -0.3 | V14: -0.2 | X14: Direct taxes
D15: Contribuições sociais | G15: 38745 | H15: 41815 | I15: 44636 | K15: 3070 | L15: 2821 | N15: 7.9 | O15: 6.7 | Q15: 12.6 | R15: 12.8 | S15: 13.1 | U15: 0.3 | V15: 0.3 | W15: Social contributions
E16: Das quais: efetivas | G16: 33045 | H16: 35721 | I16: 38258 | K16: 2677 | L16: 2536 | N16: 8.1 | O16: 7.1 | Q16: 10.7 | R16: 11 | S16: 11.2 | U16: 0.3 | V16: 0.3 | X16: of which: actual soc. contr. received
D17: Vendas e outras receitas correntes | G17: 14790 | H17: 18483 | I17: 15357 | K17: 3693 | L17: -3126 | N17: 25 | O17: -16.9 | Q17: 4.8 | R17: 5.7 | S17: 4.5 | U17: 0.9 | V17: -1.2 | W17: Sales & other current revenues
E18: Vendas de bens e serviços | G18: 8761 | H18: 8940 | I18: 9127 | K18: 179 | L18: 187 | N18: 2 | O18: 2.1 | Q18: 2.8 | R18: 2.7 | S18: 2.7 | U18: -0.1 | V18: -0.1 | X18: Sales
E19: Outra receita corrente | G19: 6029 | H19: 9543 | I19: 6230 | K19: 3513 | L19: -3313 | N19: 58.3 | O19: -34.7 | Q19: 2 | R19: 2.9 | S19: 1.8 | U19: 1 | V19: -1.1 | X19: Other current revenues
C20: Receitas de capital | G20: 3845 | H20: 7939 | I20: 2477 | K20: 4094 | L20: -5462 | N20: 106.5 | O20: -68.8 | Q20: 1.2 | R20: 2.4 | S20: 0.7 | U20: 1.2 | V20: -1.7 | X20: Capital transfers received
B21: Despesa Total | G21: 130648 | H21: 146472 | I21: 143081 | K21: 15824 | L21: -3391 | N21: 12.1 | O21: -2.3 | Q21: 42.3 | R21: 45 | S21: 42 | U21: 2.7 | V21: -3 | W21: Total expenditure
C22: Despesa primária | G22: 124620 | H22: 139803 | I22: 134864 | K22: 15183 | L22: -4939 | N22: 12.2 | O22: -3.5 | Q22: 40.4 | R22: 43 | S22: 39.6 | U22: 2.6 | V22: -3.3 | W22: Primary expenditure
D23: Despesa corrente primária | G23: 112815 | H23: 122378 | I23: 124218 | K23: 9563 | L23: 1840 | N23: 8.5 | O23: 1.5 | Q23: 36.6 | R23: 37.6 | S23: 36.5 | U23: 1 | V23: -1.1 | X23: Current primary expenditure
E24: Consumo intermédio | G24: 15408 | H24: 17440 | I24: 16744 | K24: 2032 | L24: -696 | N24: 13.2 | O24: -4 | Q24: 5 | R24: 5.4 | S24: 4.9 | U24: 0.4 | V24: -0.4 | Y24: Intermediate consumption
E25: Despesas com pessoal | G25: 32631 | H25: 34171 | I25: 35983 | K25: 1540 | L25: 1811 | N25: 4.7 | O25: 5.3 | Q25: 10.6 | R25: 10.5 | S25: 10.6 | U25: -0.1 | V25: 0.1 | Y25: Compensation of employees
E26: Prestações sociais | G26: 55011 | H26: 57801 | I26: 59991 | K26: 2789 | L26: 2190 | N26: 5.1 | O26: 3.8 | Q26: 17.8 | R26: 17.8 | S26: 17.6 | U26: -0.1 | V26: -0.1 | Y26: Social transfers
F27: que não em espécie | G27: 49064 | H27: 51456 | I27: 53455 | K27: 2392 | L27: 1998 | N27: 4.9 | O27: 3.9 | Q27: 15.9 | R27: 15.8 | S27: 15.7 | U27: -0.1 | V27: -0.1 | Z27: other than in kind
F28: em espécie | G28: 5947 | H28: 6344 | I28: 6536 | K28: 397 | L28: 192 | N28: 6.7 | O28: 3 | Q28: 1.9 | R28: 1.9 | S28: 1.9 | U28: 0 | V28: 0 | Z28: in kind
E29: Subsídios | G29: 1788 | H29: 2222 | I29: 1936 | K29: 433 | L29: -286 | N29: 24.2 | O29: -12.9 | Q29: 0.6 | R29: 0.7 | S29: 0.6 | U29: 0.1 | V29: -0.1 | Y29: Subsidies
E30: Outra despesa corrente | G30: 7976 | H30: 10744 | I30: 9564 | K30: 2768 | L30: -1180 | N30: 34.7 | O30: -11 | Q30: 2.6 | R30: 3.3 | S30: 2.8 | U30: 0.7 | V30: -0.5 | Y30: Other current expenditure
D31: Despesas de capital | G31: 11805 | H31: 17425 | I31: 10646 | K31: 5620 | L31: -6780 | N31: 47.6 | O31: -38.9 | Q31: 3.8 | R31: 5.4 | S31: 3.1 | U31: 1.5 | V31: -2.2 | X31: Capital expenditure
E32: FBCF | G32: 8843 | H32: 14035 | I32: 9687 | K32: 5192 | L32: -4349 | N32: 58.7 | O32: -31 | Q32: 2.9 | R32: 4.3 | S32: 2.8 | U32: 1.4 | V32: -1.5 | Y32: GFCF
E33: Outras despesas de capital | G33: 2962 | H33: 3390 | I33: 959 | K33: 428 | L33: -2431 | N33: 14.5 | O33: -71.7 | Q33: 1 | R33: 1 | S33: 0.3 | U33: 0.1 | V33: -0.8 | Y33: Other capital expenditure
C34: Juros | G34: 6028 | H34: 6669 | I34: 8217 | K34: 641 | L34: 1548 | N34: 10.6 | O34: 23.2 | Q34: 2 | R34: 2 | S34: 2.4 | U34: 0.1 | V34: 0.4 | X34: Interest paid
B35: Saldo global | G35: 2045 | H35: 86 | I35: 275 | K35: -1959 | L35: 188 | N35: - | O35: - | Q35: 0.7 | R35: 0 | S35: 0.1 | U35: -0.6 | V35: 0.1 | W35: General government balance
B36: Saldo primário | G36: 8074 | H36: 6756 | I36: 8492 | K36: -1318 | L36: 1736 | N36: - | O36: - | Q36: 2.6 | R36: 2.1 | S36: 2.5 | U36: -0.5 | V36: 0.4 | W36: Primary balance
B37: Receita fiscal e contributiva | G37: 114059 | H37: 120137 | I37: 125522 | K37: 6078 | L37: 5385 | N37: 5.3 | O37: 4.5 | Q37: 37 | R37: 36.9 | S37: 36.9 | U37: -0.1 | V37: 0 | W37: Tax revenue and social contributions
B38: Receita não fiscal e não contributiva | G38: 18635 | H38: 26422 | I38: 17834 | K38: 7787 | L38: -8588 | N38: 41.8 | O38: -32.5 | Q38: 6 | R38: 8.1 | S38: 5.2 | U38: 2.1 | V38: -2.9 | W38: Non tax and non contribution revenue
B39: Despesa Corrente | G39: 118843 | H39: 129047 | I39: 132435 | K39: 10204 | L39: 3388 | N39: 8.6 | O39: 2.6 | Q39: 38.5 | R39: 39.6 | S39: 38.9 | U39: 1.1 | V39: -0.8 | W39: Current Expenditure
B40: PIB nominal | G40: 308538 | H40: 325495 | I40: 340535 | K40: 16957 | L40: 15040 | N40: 5.5 | O40: 4.6 | Q40: - | R40: - | S40: - | U40: - | V40: - | W40: Nominal GDP
B42: Fontes: INE (2025) e Ministério das Finanças (2026 e 2027). Cálculos do CFP. "E" denota estimativa e “P” denota previsão.
B43: Source: INE (2025) and Ministry of Finance (2026 and 2027). CFP calculations. "E" stands for estimate and "P" stands for projection.

Sheet Quadro 10_Table 10
A1: Índice
B3: =Índice!B28 -> Quadro 10 - Conta das Administrações Públicas ajustada de one-offs, em contabilidade nacional
B4: =Índice!D28 -> Table 10 - General government account adjusted from one-offs, in national accounts
B6: PT | EN
G7: M€ | K7: Variação | Change | Q7: % do PIB | % of GDP | U7: Variação | Change
G8: 2025 | H8: 2026 E | I8: 2027 P | K8: M€ | N8: % | Q8: 2025 | R8: 2026 E | S8: 2027 P | U8: p.p. do PIB | GDP p.p.
K9: 2025/26 | L9: 2026/27 | N9: 2025/26 | O9: 2026/27 | U9: 2025/26 | V9: 2026/27
B10: Receita Total | G10: 132694 | H10: 146559 | I10: 143356 | K10: 13865 | L10: -3203 | N10: 10.4 | O10: -2.2 | Q10: 43 | R10: 45 | S10: 42.1 | U10: 2 | V10: -2.9 | W10: Total revenue
C11: Receita corrente | G11: 128849 | H11: 138620 | I11: 140879 | K11: 9771 | L11: 2259 | N11: 7.6 | O11: 1.6 | Q11: 41.8 | R11: 42.6 | S11: 41.4 | U11: 0.8 | V11: -1.2 | X11: Current revenue
D12: Receita fiscal | G12: 75314 | H12: 78322 | I12: 80886 | K12: 3008 | L12: 2564 | N12: 4 | O12: 3.3 | Q12: 24.4 | R12: 24.1 | S12: 23.8 | U12: -0.3 | V12: -0.3 | W12: Tax revenue
E13: Impostos indiretos | G13: 44510 | H13: 46746 | I13: 48667 | K13: 2236 | L13: 1921 | N13: 5 | O13: 4.1 | Q13: 14.4 | R13: 14.4 | S13: 14.3 | U13: -0.1 | V13: -0.1 | X13: Indirect taxes
E14: Impostos diretos | G14: 30804 | H14: 31576 | I14: 32219 | K14: 772 | L14: 643 | N14: 2.5 | O14: 2 | Q14: 10 | R14: 9.7 | S14: 9.5 | U14: -0.3 | V14: -0.2 | X14: Direct taxes
D15: Contribuições sociais | G15: 38745 | H15: 41815 | I15: 44636 | K15: 3070 | L15: 2821 | N15: 7.9 | O15: 6.7 | Q15: 12.6 | R15: 12.8 | S15: 13.1 | U15: 0.3 | V15: 0.3 | W15: Social contributions
E16: Das quais: efetivas | G16: 33045 | H16: 35721 | I16: 38258 | K16: 2677 | L16: 2536 | N16: 8.1 | O16: 7.1 | Q16: 10.7 | R16: 11 | S16: 11.2 | U16: 0.3 | V16: 0.3 | X16: of which: actual soc. contr. received
D17: Vendas e outras receitas correntes | G17: 14790 | H17: 18483 | I17: 15357 | K17: 3693 | L17: -3126 | N17: 25 | O17: -16.9 | Q17: 4.8 | R17: 5.7 | S17: 4.5 | U17: 0.9 | V17: -1.2 | W17: Sales & other current revenues
E18: Vendas de bens e serviços | G18: 8761 | H18: 8940 | I18: 9127 | K18: 179 | L18: 187 | N18: 2 | O18: 2.1 | Q18: 2.8 | R18: 2.7 | S18: 2.7 | U18: -0.1 | V18: -0.1 | X18: Sales
E19: Outra receita corrente | G19: 6029 | H19: 9543 | I19: 6230 | K19: 3513 | L19: -3313 | N19: 58.3 | O19: -34.7 | Q19: 2 | R19: 2.9 | S19: 1.8 | U19: 1 | V19: -1.1 | X19: Other current revenues
C20: Receitas de capital | G20: 3845 | H20: 7939 | I20: 2477 | K20: 4094 | L20: -5462 | N20: 106.5 | O20: -68.8 | Q20: 1.2 | R20: 2.4 | S20: 0.7 | U20: 1.2 | V20: -1.7 | X20: Capital transfers received
B21: Despesa Total | G21: 130431 | H21: 144902 | I21: 142395 | K21: 14471 | L21: -2507 | N21: 11.1 | O21: -1.7 | Q21: 42.3 | R21: 44.5 | S21: 41.8 | U21: 2.2 | V21: -2.7 | W21: Total expenditure
C22: Despesa primária | G22: 124403 | H22: 138233 | I22: 134178 | K22: 13830 | L22: -4055 | N22: 11.1 | O22: -2.9 | Q22: 40.3 | R22: 42.5 | S22: 39.4 | U22: 2.1 | V22: -3.1 | W22: Primary expenditure
D23: Despesa corrente primária | G23: 112815 | H23: 121983 | I23: 124218 | K23: 9168 | L23: 2235 | N23: 8.1 | O23: 1.8 | Q23: 36.6 | R23: 37.5 | S23: 36.5 | U23: 0.9 | V23: -1 | X23: Current primary expenditure
E24: Consumo intermédio | G24: 15408 | H24: 17440 | I24: 16744 | K24: 2032 | L24: -696 | N24: 13.2 | O24: -4 | Q24: 5 | R24: 5.4 | S24: 4.9 | U24: 0.4 | V24: -0.4 | Y24: Intermediate consumption
E25: Despesas com pessoal | G25: 32631 | H25: 34171 | I25: 35983 | K25: 1540 | L25: 1811 | N25: 4.7 | O25: 5.3 | Q25: 10.6 | R25: 10.5 | S25: 10.6 | U25: -0.1 | V25: 0.1 | Y25: Compensation of employees
E26: Prestações sociais | G26: 55011 | H26: 57801 | I26: 59991 | K26: 2789 | L26: 2190 | N26: 5.1 | O26: 3.8 | Q26: 17.8 | R26: 17.8 | S26: 17.6 | U26: -0.1 | V26: -0.1 | Y26: Social transfers
F27: que não em espécie | G27: 49064 | H27: 51456 | I27: 53455 | K27: 2392 | L27: 1998 | N27: 4.9 | O27: 3.9 | Q27: 15.9 | R27: 15.8 | S27: 15.7 | U27: -0.1 | V27: -0.1 | Z27: other than in kind
F28: em espécie | G28: 5947 | H28: 6344 | I28: 6536 | K28: 397 | L28: 192 | N28: 6.7 | O28: 3 | Q28: 1.9 | R28: 1.9 | S28: 1.9 | U28: 0 | V28: 0 | Z28: in kind
E29: Subsídios | G29: 1788 | H29: 1827 | I29: 1936 | K29: 38 | L29: 109 | N29: 2.1 | O29: 6 | Q29: 0.6 | R29: 0.6 | S29: 0.6 | U29: 0 | V29: 0 | Y29: Subsidies
E30: Outra despesa corrente | G30: 7976 | H30: 10744 | I30: 9564 | K30: 2768 | L30: -1180 | N30: 34.7 | O30: -11 | Q30: 2.6 | R30: 3.3 | S30: 2.8 | U30: 0.7 | V30: -0.5 | Y30: Other current expenditure
D31: Despesas de capital | G31: 11588 | H31: 16250 | I31: 9960 | K31: 4662 | L31: -6290 | N31: 40.2 | O31: -38.7 | Q31: 3.8 | R31: 5 | S31: 2.9 | U31: 1.2 | V31: -2.1 | X31: Capital expenditure
E32: FBCF | G32: 8843 | H32: 14035 | I32: 9687 | K32: 5192 | L32: -4349 | N32: 58.7 | O32: -31 | Q32: 2.9 | R32: 4.3 | S32: 2.8 | U32: 1.4 | V32: -1.5 | Y32: GFCF
E33: Outras despesas de capital | G33: 2744 | H33: 2215 | I33: 274 | K33: -530 | L33: -1941 | N33: -19.3 | O33: -87.6 | Q33: 0.9 | R33: 0.7 | S33: 0.1 | U33: -0.2 | V33: -0.6 | Y33: Other capital expenditure
C34: Juros | G34: 6028 | H34: 6669 | I34: 8217 | K34: 641 | L34: 1548 | N34: 10.6 | O34: 23.2 | Q34: 2 | R34: 2 | S34: 2.4 | U34: 0.1 | V34: 0.4 | X34: Interest paid
B35: Saldo global | G35: 2263 | H35: 1657 | I35: 960 | K35: -606 | L35: -697 | N35: - | O35: - | Q35: 0.7 | R35: 0.5 | S35: 0.3 | U35: -0.2 | V35: -0.2 | W35: General government balance
B36: Saldo primário | G36: 8291 | H36: 8326 | I36: 9177 | K36: 35 | L36: 851 | N36: - | O36: - | Q36: 2.7 | R36: 2.6 | S36: 2.7 | U36: -0.1 | V36: 0.1 | W36: Primary balance
B37: Receita fiscal e contributiva | G37: 114059 | H37: 120137 | I37: 125522 | K37: 6078 | L37: 5385 | N37: 5.3 | O37: 4.5 | Q37: 37 | R37: 36.9 | S37: 36.9 | U37: -0.1 | V37: 0 | W37: Tax revenue and social contributions
B38: Receita não fiscal e não contributiva | G38: 18635 | H38: 26422 | I38: 17834 | K38: 7787 | L38: -8588 | N38: 41.8 | O38: -32.5 | Q38: 6 | R38: 8.1 | S38: 5.2 | U38: 2.1 | V38: -2.9 | W38: Non tax and non contribution revenue
B39: Despesa Corrente | G39: 118843 | H39: 128652 | I39: 132435 | K39: 9809 | L39: 3783 | N39: 8.3 | O39: 2.9 | Q39: 38.5 | R39: 39.5 | S39: 38.9 | U39: 1 | V39: -0.6 | W39: Current Expenditure
B40: PIB nominal | G40: 308538 | H40: 325495 | I40: 340535 | K40: 16957 | L40: 15040 | N40: 5.5 | O40: 4.6 | Q40: - | R40: - | S40: - | U40: - | V40: - | W40: Nominal GDP
B42: Fontes: IINE (2025) e Ministério das Finanças (2026 e 2027). Cálculos do CFP. | Nota: o detalhe dos ajustamentos efetuados pode ser consultado no Quadro 16.
B43: Sources: INE (2025) and Ministry of Finance (2026 and 2027). CFP calculations. | Note: the values for 2024 include RRP; details of the adjustments made can be found in Table 16.

Sheet Quadro 11_Table 11
A1: Índice
B3: =+Índice!B29 -> Quadro 11 - Impacto do PRR na conta das Administrações Públicas (% do PIB)
B4: =+Índice!D29 -> Table 11 - Impact of the RRP on the general government account (% of GDP)
B6: PT | EN
G7: 2025 | H7: 2026 E | J7: 2027 P | M7: PRR | RRP
H8: com PRR | with RRP | I8: sem PRR | without RRP | J8: com PRR | with RRP | K8: sem PRR | without RRP | M8: 2026 | N8: 2027
B9: Receita Total | G9: 43 | H9: 45 | I9: 42.2 | J9: 42.1 | K9: 42.1 | M9: 2.8 | N9: 0 | O9: Total revenue
C10: Receita corrente | G10: 41.8 | H10: 42.6 | I10: 41.5 | J10: 41.4 | K10: 41.4 | M10: 1.1 | N10: 0 | O10: Current revenue
D11: Receita fiscal | G11: 24.4 | H11: 24.1 | I11: 24.1 | J11: 23.8 | K11: 23.8 | M11: 0 | N11: 0 | P11: Tax revenue
E12: Impostos indiretos | G12: 14.4 | H12: 14.4 | I12: 14.4 | J12: 14.3 | K12: 14.3 | M12: 0 | N12: 0 | Q12: Indirect taxes
E13: Impostos diretos | G13: 10 | H13: 9.7 | I13: 9.7 | J13: 9.5 | K13: 9.5 | M13: 0 | N13: 0 | Q13: Direct taxes
D14: Contribuições sociais | G14: 12.6 | H14: 12.8 | I14: 12.8 | J14: 13.1 | K14: 13.1 | M14: 0 | N14: 0 | P14: Social contributions
E15: Das quais: efetivas | G15: 10.7 | H15: 11 | I15: 11 | J15: 11.2 | K15: 11.2 | M15: 0 | N15: 0 | Q15: of which: actual soc. contr. received
D16: Vendas e outras receitas correntes | G16: 4.8 | H16: 5.7 | I16: 4.6 | J16: 4.5 | K16: 4.5 | M16: 1.1 | N16: 0 | P16: Sales & other current revenues
E17: Vendas de bens e serviços | G17: 2.8 | H17: 2.7 | I17: 2.7 | J17: 2.7 | K17: 2.7 | M17: 0 | N17: 0 | Q17: Sales
E18: Outra receita corrente | G18: 2 | H18: 2.9 | I18: 1.9 | J18: 1.8 | K18: 1.8 | M18: 1.1 | N18: 0 | Q18: Other current revenues
C19: Receitas de capital | G19: 1.2 | H19: 2.4 | I19: 0.7 | J19: 0.7 | K19: 0.7 | M19: 1.7 | N19: 0 | O19: Capital transfers received
B20: Despesa Total | G20: 42.3 | H20: 45 | I20: 41.6 | J20: 42 | K20: 42 | M20: 3.4 | N20: 0 | O20: Total expenditure
C21: Despesa primária | G21: 40.4 | H21: 43 | I21: 39.5 | J21: 39.6 | K21: 39.6 | M21: 3.4 | N21: 0 | O21: Primary expenditure
D22: Despesa corrente primária | G22: 36.6 | H22: 37.6 | I22: 36.5 | J22: 36.5 | K22: 36.5 | M22: 1.1 | N22: 0 | P22: Current primary expenditure
E23: Consumo intermédio | G23: 5 | H23: 5.4 | I23: 4.9 | J23: 4.9 | K23: 4.9 | M23: 0.4 | N23: 0 | Q23: Intermediate consumption
E24: Despesas com pessoal | G24: 10.6 | H24: 10.5 | I24: 10.5 | J24: 10.6 | K24: 10.6 | M24: 0 | N24: 0 | Q24: Compensation of employees
E25: Prestações sociais | G25: 17.8 | H25: 17.8 | I25: 17.7 | J25: 17.6 | K25: 17.6 | M25: 0 | N25: 0 | Q25: Social benefits
F26: que não em espécie | G26: 15.9 | H26: 15.8 | I26: 15.8 | J26: 15.7 | K26: 15.7 | M26: 0 | N26: 0 | R26: other than in kind
F27: em espécie | G27: 1.9 | H27: 1.9 | I27: 1.9 | J27: 1.9 | K27: 1.9 | M27: 0 | N27: 0 | R27: in kind
E28: Subsídios | G28: 0.6 | H28: 0.7 | I28: 0.7 | J28: 0.6 | K28: 0.6 | M28: 0 | N28: 0 | Q28: Subsidies
E29: Outra despesa corrente | G29: 2.6 | H29: 3.3 | I29: 2.7 | J29: 2.8 | K29: 2.8 | M29: 0.6 | N29: 0 | Q29: Other current expenditure
D30: Despesas de capital | G30: 3.8 | H30: 5.4 | I30: 3 | J30: 3.1 | K30: 3.1 | M30: 2.3 | N30: 0 | P30: Capital expenditure
E31: FBCF | G31: 2.9 | H31: 4.3 | I31: 2.8 | J31: 2.8 | K31: 2.8 | M31: 1.5 | N31: 0 | Q31: GFCF
E32: Outras despesas de capital | G32: 1 | H32: 1 | I32: 0.2 | J32: 0.3 | K32: 0.3 | M32: 0.8 | N32: 0 | Q32: Other capital expenditure
C33: Juros | G33: 2 | H33: 2 | I33: 2 | J33: 2.4 | K33: 2.4 | M33: 0 | N33: 0 | O33: Interest paid
B34: Saldo global | G34: 0.7 | H34: 0 | I34: 0.6 | J34: 0.1 | K34: 0.1 | M34: -0.6 | N34: 0 | P34: General government balance
B35: Saldo primário | G35: 2.6 | H35: 2.1 | I35: 2.7 | J35: 2.5 | K35: 2.5 | M35: -0.6 | N35: 0 | P35: Primary balance
B36: Receita fiscal e contributiva | G36: 37 | H36: 36.9 | I36: 36.9 | J36: 36.9 | K36: 36.9 | M36: 0 | N36: 0 | P36: Tax revenue and social contributions
B37: Receita não fiscal e não contributiva | G37: 6 | H37: 8.1 | I37: 5.3 | J37: 5.2 | K37: 5.2 | M37: 2.8 | N37: 0 | P37: Non tax and non contribution revenue
B38: Despesa Corrente | G38: 38.5 | H38: 39.6 | I38: 38.6 | J38: 38.9 | K38: 38.9 | M38: 1.1 | N38: 0 | P38: Current Expenditure
B40: Fontes: INE (2025) e Ministério das Finanças (2026 e 2027). Cálculos do CFP. | Nota: os valores relativos a 2025 incluem PRR.
B41: Sources: INE (2025) and Ministry of Finance (2026 and 2027). CFP calculations. | Note: figures of the year 2025 include RRP.

Sheet Quadro 12_Table 12
A1: Índice
C2: =Índice!B30 -> Quadro 12 - Principais medidas de política orçamental com impacto em 2027 (em M€)
C3: =Índice!D30 -> Table 12 - Main policy measures with impact in 2027 (in M€)
C5: PT | EN
C6: Componente/medida | D6: QPI | E6: Novas medidas POE/2027 | F6: Total | G6: Component/measure
D7: No-policy-change scenario | E7: New Measures DSB/2027 | F7: Total
C8: Impacto na variação da receita | D8: -767 | E8: 179 | F8: -588 | G8: Total revenue
C9: Impostos diretos | D9: -673 | E9: -121 | F9: -794 | G9: Direct taxes
C10: IRS | Habitação - redução IRS rendas moderadas de 25% para 10% | D10: -209 | F10: -209 | G10: Update of the PIT minimum subsistence threshold
C11: IRS | Atualização dedução específica e escalões | D11: -431 | F11: -431 | G11: PIT | Update on specific deduction and tax brackets
C12: IRS | Atualização do limite minimo de existência | E12: -121 | F12: -121 | G12: PIT | Update of the PIT minimum subsistence threshold
C13: IRC | Redução das taxas de IRC | D13: -300 | F13: -300 | G13: CIT | Tax rates reduction
C14: IRC | SIFIDE indireto (reversão) | D14: 124 | F14: 124 | G14: CIT | Indirect SIFIDE (reversion)
C15: IRC | Regime fiscal de apoio ao investimento (RFAI) e SIFIDE | D15: 143 | F15: 143 | G15: CIT | Investment Support Tax Scheme (RFAI) and SIFIDE
C16: Impostos indiretos | D16: -94 | E16: 300 | F16: 206 | G16: Indirect taxes
C17: IVA - Habitação - redução IVA construção de 23% para 6% | D17: -94 | F17: -94 | G17: VAT | Housing - reduction in VAT on construction from 23 per cent to 6 per cent
C18: IVA - Combate à fraude no setor dos combustíveis | E18: 300 | F18: 300 | G18: VAT | Combating fraud in the fuel sector
C19: Impacto na variação da despesa | D19: 5562 | E19: 100 | F19: 5662 | G19: Total expenditure
C20: Consumo intermédio | D20: 418 | F20: 418 | G20: Intermediate consumption
C21: Compromissos das AP que constituem despesa estrutural | D21: 418 | F21: 418 | G21: General government commitments that constitute structural expenditure
C22: Despesas com pessoal | D22: 1231 | F22: 1231 | G22: Compensation of employees
C23: Aumento Acordo de rendimentos | D23: 587 | F23: 587 | G23: Increase due to the Income Agreement
C24: Progressões e promoções | D24: 283 | F24: 283 | G24: Progressions and promotions
C25: Aumento RMMG | D25: 116 | F25: 116 | G25: Minimum wage increase
C26: Acordos salariais | D26: 244 | F26: 244 | G26: Salary agreements
C27: Prestações Sociais | D27: 1475 | E27: 100 | F27: 1575 | G27: Social transfers
C28: Reforço Complemento Solidário para Idosos (CSI) | E28: 100 | F28: 100 | G28: Reinforcement of the Solidarity Supplement for the Elderly (CSI)
C29: Pensões | ef. composição + atualização regular | D29: 1475 | F29: 1475 | G29: Pensions | composition effect + regular update
C30: Outras despesas correntes | D30: 273 | F30: 273 | G30: Other current expenditure
C31: Transferência para o orçamento da União Europeia | D31: 273 | F31: 273 | G31: Transfer to the EU budget
C32: FBCF | D32: 617 | F32: 617 | G32: GFCF
C33: Investimento Público (s/PRR) | D33: 617 | F33: 617 | G33: Public Investment (excluding RRP)
C34: Juros | D34: 1548 | F34: 1548 | G34: Interest
C35: Juros devidos pelas AP | D35: 1548 | F35: 1548 | G35: Interest due by General Government
C36: Impacto na variação do saldo | D36: -6329 | E36: 79 | F36: -6249 | G36: Impact on the budget balance change
C38: Fonte: MF. | Nota: os impactos identificados na coluna relativa ao Quadro de Políticas Invariantes (QPI) resultam do critério adotado pelo CFP.
C39: Source: MF. | Note: The impacts identified in the NPC scenario column result from the criteria adopted by the CFP.

Sheet Quadro 13_Table 13
A1: Índice
C2: =Índice!B31 -> Quadro 13 - Impacto incremental das principais medidas de política consideradas na projeção do CFP (em M€ e p.p. do PIB)
C3: =Índice!D31 -> Table 13 - Incremental impact of the main policy measures considered in CFP's projection (in M€ and in p.p. of GDP)
C5: PT | EN
C6: Designação | D6: Variação em M€ /Change in M€ | G6: Variação em p.p. do PIB / Change in p.p. of GDP | I6: Designation
D7: 2026 | E7: 2027 | G7: 2026 | H7: 2027
C8: Receita | D8: -1348 | E8: -344 | G8: -0.4 | H8: -0.1 | I8: Total Revenue
C9: Receita corrente | D9: -1348 | E9: -344 | G9: -0.4 | H9: -0.1 | I9: Current revenue
C10: Receita fiscal | D10: -1313 | E10: -344 | G10: -0.4 | H10: -0.1 | I10: Tax revenue
C11: Impostos indiretos | D11: 87 | E11: 239 | G11: 0 | H11: 0.1 | I11: Indirect taxes
C12: Pacote Habitação: Redução do IVA da construção de 23% para 6% | E12: -94 | H12: 0 | I12: Housing Package: Reduction of the VAT rate on construction from 23% to 6%
C13: Alteração ISP e atualização da taxa de carbono | D13: 173 | G13: 0.1 | I13: Update of the fuel and carbon taxes
C14: Desconto ISP Temporário - Conflito Irão (9 meses) | D14: -295 | E14: 295 | G14: -0.1 | H14: 0.1 | I14: Temporary Petroleum Tax Discount - Iran conflit (9 months)
C15: Fim da isenção biocombustíveis (Reversão) | D15: 156 | G15: 0 | I15: End of the exemption for advanced biofuels
C16: Taxa única de IMT para não residentes | D16: 53 | E16: 38 | G16: 0 | H16: 0 | I16: Single Real Estate Tax Rate for Non Residents
C17: Impostos diretos | D17: -1400 | E17: -583 | G17: -0.4 | H17: -0.2 | I17: Direct Taxes
C18: Pacote IRS 2024 | I18: 2024 PIT Package
C19: IRS Jovem | D19: 144 | G19: 0 | I19: Youth PIT Regime
C20: Aumento dedução despesas com habitação | D20: -17 | E20: -36 | G20: 0 | H20: 0 | I20: Increase in the Tax Deduction for Housing Expenses
C21: Pacote IRS 2025 | I21: 2025 PIT Package
C22: IRS Jovem | D22: -510 | G22: -0.2 | I22: Youth PIT Regime
C23: Pacote IRS 2026 | I23: 2026 PIT Package
C24: Redução adicional de taxas dos escalões no OE/2026 | D24: -33 | G24: 0 | I24: Tax Rate Reductions
C25: Atualização ME | D25: -121 | G25: 0 | I25: PIT | Update of minimum subsistence limit
C26: Redução adicional de taxas até ao 6.º escalão | D26: -371 | G26: -0.1 | I26: PIT | Additional rate cut up to the 6th bracket
C27: Pacote IRS 2027 | I27: 2027 PIT Package
C28: Atualização ME | E28: -121 | H28: 0 | I28: PIT | Update of minimum subsistence limit
C29: Atualização automática das deduções específicas de IRS pelo valor do IAS | D29: -108 | E29: -102 | G29: 0 | H29: 0 | I29: Automatic Indexation of Personal Income Tax (IRS) Specific Deductions to the Social Support Index (IAS)
C30: Atualização automática dos escalões (componente de produtividade na parte que excede a inflação) | D30: 37 | E30: -41 | G30: 0 | H30: 0 | I30: PIT | Automatic update of brackets (productivity component in the part exceeding inflation)
C31: Pacote Habitação: Redução IRS rendas moderadas de 25% para 10% | E31: -209 | H31: -0.1 | I31: Housing Package: Reduction of the PIT Rate on Moderate Rents from 25% to 10%
C32: Reforço dos Incentivos em sede IRC para a capitalização de empresas (ICE) | D32: -136 | G32: 0 | I32: Strengthening of Corporate Income Tax (IRC) Incentives for Business Capitalisation (ICE)
C33: Incentivo fiscal à recuperação - IFR e outros relacionados (RFAI, SIFIDE) | D33: 33 | E33: 143 | I33: Tax Incentive for Recovery (IFR) and Other Related Measures (RFAI, SIFIDE)
C34: Crédito fiscal extraordinário para investimento (2021, COVID) | D34: 10 | G34: 0 | I34: Extraordinary Investment Tax Credit (2021, COVID-19)
C35: Redução de 1 p.p. na taxa normal e reduzida de IRC (2025) | D35: -328 | G35: -0.1 | I35: CIT | 1 p.p. reduction in the standard and reduced CIT rates
C36: Redução de 1pp na taxa normal de IRC em 2026, 2027 e 2028 e de 1pp na taxa reduzida em 2026 | E36: -341 | H36: -0.1 | I36: CIT | 1 p.p. reduction in the standard rate in 2026, 2027 and 2028, plus a 1 p.p. reduction in the reduced CIT rate in 2026
C37: SIFIDE indireto (reversão) | E37: 124 | H37: 0 | I37: CIT | Indirect SIFIDE (reversal)
C38: Vendas | D38: -35 | E38: 0 | G38: 0 | H38: 0 | I38: Sales
C39: Alargamento eliminação taxas de portagem ex-SCUT | D39: -35 | G39: 0 | I39: Extension of Toll Elimination on Former SCUT Motorways
C40: Receita de Capital | D40: 0 | E40: 0 | G40: 0 | H40: 0 | I40: Capital Revenue
C42: Despesa | D42: 760 | E42: -384 | G42: 0.2 | H42: -0.1 | I42: Expenditure
C43: Despesa corrente primária | D43: 734 | E43: -364 | G43: 0.2 | H43: -0.1 | I43: Current primary expenditure
C44: Despesas com pessoal | D44: 348 | E44: 309 | G44: 0.1 | H44: 0.1 | I44: Compensation of employees
C45: Valorização salarial de grupos profissionais | D45: 348 | E45: 309 | G45: 0.1 | H45: 0.1 | I45: Salary agreement with professional groups
C46: Prestações sociais | D46: 152 | E46: -300 | G46: 0 | H46: -0.1 | I46: Social tranfers
C47: Apoio às famílias carenciadas / mais vulneráveis | D47: -4 | G47: 0 | I47: Support for needy/most vulnerable families
C48: Complemento ao apoio extraordinário para crianças e jovens | D48: 0 | G48: 0 | I48: Complement to extraordinary support for children and young people
C49: Apoio extraordinário a titulares de rendimentos e prestações sociais | D49: -1 | G49: 0 | I49: Extraordinary support for holders of income and social benefits
C50: Suplemento extraordinário de pensão | D50: 17 | E50: -400 | G50: 0 | H50: -0.1 | I50: Extraordinary pension supplement
C51: Complemento excecional de pensão | D51: 0 | G51: 0 | I51: Exceptional pension supplement
C52: Reforço do CSI | D52: 140 | E52: 100 | G52: 0 | H52: 0 | I52: CSI reinforcement
C53: Subsídios | D53: 153 | E53: -153 | G53: 0 | H53: 0 | I53: Subsidies
C54: Apoio adicional para as explorações afetadas pela depressão "Cláudia" | D54: 3 | E54: -3 | G54: 0 | H54: 0 | I54: Additional support for farms affected by Storm Claudia
C55: Conflito Irão | Apoio Transp Mercadorias/Passag./ agricultura/Bombeiros/Taxis (3 meses) | D55: 150 | E55: -150 | G55: 0 | H55: 0 | I55: Iran Conflict | Support for freight/passenger transport, agriculture, firefighters and taxis (3 months)
C56: Outras despesas correntes | D56: 82 | E56: -220 | G56: 0 | H56: -0.1 | I56: Other current expenditure
C57: Encargos plurianuais da Linha de Financiamento com Garantia «BPF Invest Export» do Programa Reforçar | I57: Expenditure and Scheduling of Multiannual Charges for the "BPF Invest Export" Guaranteed Financing Line of the "Reforçar" Program
C58: Apoio financeiro às IPSS para a abertura de novas salas de educação pré-escolar | D58: 6 | G58: 0 | I58: Financial support to IPSS for the opening of new preschool classrooms
C59: Apoio à Ucrânia | D59: 76 | E59: -220 | G59: 0 | H59: -0.1 | I59: Support for Ukraine
C60: Despesa de capital | D60: 26 | E60: -20 | G60: 0 | H60: 0 | I60: Capital expenditure
C61: FBCF | D61: 26 | E61: -20 | G61: 0 | H61: 0 | I61: GFCF
C62: Requalificação e modernização do Edificado na área da Justiça | D62: 26 | E62: -20 | G62: 0 | H62: 0 | I62: Modernization of justice sector buildings
C63: Juros | D63: 0 | E63: 0 | G63: 0 | H63: 0 | I63: Interest
C64: Saldo orçamental | D64: -2108 | E64: 40 | G64: -0.6 | H64: 0 | I64: Budget balance
C66: Fonte: MF. | Nota: sempre que possível, foram efetuados cálculos próprios do CFP para a quantificação das medidas identificadas neste quadro; os valores refletem variações face ao ano anterior; o quadro apenas inclui medidas de política, não incluindo outros efeitos, nem one-offs.
C67: Source: MF. | Note: Whenever possible, CFP’s own calculations were used to quantify the measures identified in this table; the figures reflect year-on-year changes; the table only includes policy measures, excluding other effects and one-offs.

Sheet Quadro 14_Table 14
A1: Índice
B3: =+Índice!B32 -> Quadro 14 - Impacto das medidas one-off no saldo orçamental
B4: =+Índice!D32 -> Table 14 - Impact of one-off measures on the budget balance
B5: PT | EN
C7: % do PIB | % of GDP
C8: 2025 | D8: 2026 E | E8: 2027 P
B9: Medidas one-off (impacto no saldo) | C9: -0.1 | D9: -0.5 | E9: -0.2 | F9: One-off measures (impact in budget balance)
B11: Despesa | C11: 0.1 | D11: 0.5 | E11: 0.2 | F11: Expenditure
B12: Devolução do adicional de solidariedade cobrado à Banca | C12: 0.1 | F12: Return of the solidarity surcharge charged to Banks
B13: Apoios destinados a responder à situação de calamidade | D13: 0.5 | E13: 0.1 | F13: Support measures aimed at responding to the state of calamity
B14: Processo judicial - PPP do Algarve | E14: 0.1 | F14: Judicial process - Algarve's PPP
B15: Por memória (impacto por agregado orçamental) | F15: Memo items (impact by budget aggregate)
B16: Subsídios | D16: 0.1 | F16: Subsidies
B17: Outras despesas de capital | C17: 0.1 | D17: 0.4 | E17: 0.2 | F17: Other capital expenditure
B19: Fontes: INE (2025) e Ministério das Finanças (2026 e 2027). | Notas: Cálculos e classificação da responsabilidade do CFP. Os totais não correspondem necessariamente à soma das parcelas em percentagem do PIB devido a arredondamentos. “2026 E” denota estimativa e “2027 P” denota previsão.
B21: Sources: INE (2025) and Ministry of Finance (2026 and 2027). | Notes: Calculations and classification by CFP. Totals do not necessarily correspond to the sum of the percentages of GDP due to rounding. “2026 E” denotes estimate and “2027 P” denotes forecast.

Sheet Quadro 15_Table 15
A1: Índice
B3: =+Índice!B33 -> Quadro 15 - Cenário orçamental do MF subjacente à POE/2027, excluindo o efeito das subvenções do PRR e dos restantes fundos da União Europeia (% do PIB)
B4: =+Índice!D33 -> Table 15 - Ministry of Finance budgetary scenario underlying the 2026 State Budget, excluding the effect of PRR grants and other European Union funds (% of GDP)
D5: PT | EN
F6: Milhões de Euros | J6: % do PIB
F7: 2026 | G7: 2027 | H7: Tv. (%) | J7: =+F7 -> 2026 | K7: =+G7 -> 2027 | L7: var. (p.p.)
D8: Receita Total | F8: 134.3 | G8: 139 | H8: 3.4 | I8: 0 | J8: 41.3 | K8: 40.8 | L8: -0.5 | N8: Total revenue
D9: Receita corrente | F9: 134.1 | G9: 138.7 | H9: 3.4 | I9: 0 | J9: 41.2 | K9: 40.7 | L9: -0.5 | N9: Current revenue
D10: Receita fiscal | F10: 78.3 | G10: 80.9 | H10: 3.3 | I10: 0 | J10: 24.1 | K10: 23.8 | L10: -0.3 | N10: Tax revenue
D11: Impostos indiretos | F11: 46.7 | G11: 48.7 | H11: 4.1 | I11: 0 | J11: 14.4 | K11: 14.3 | L11: -0.1 | N11: Indirect taxes
D12: Impostos directos | F12: 31.6 | G12: 32.2 | H12: 2 | I12: 0 | J12: 9.7 | K12: 9.5 | L12: -0.2 | N12: Direct taxes
D13: Contribuições Sociais | F13: 41.8 | G13: 44.6 | H13: 6.7 | I13: 0 | J13: 12.8 | K13: 13.1 | L13: 0.3 | N13: Social Contributions
D14: Vendas de bens e serviços | F14: 8.9 | G14: 9.1 | H14: 2.1 | I14: 0 | J14: 2.7 | K14: 2.7 | L14: -0.1 | N14: Sales
D15: Outra receita corrente | F15: 5 | G15: 4.1 | H15: -18.8 | I15: 0 | J15: 1.5 | K15: 1.2 | L15: -0.3 | N15: Other current revenues
D16: Receitas de capital | F16: 0.2 | G16: 0.2 | H16: 4.6 | I16: 0 | J16: 0.1 | K16: 0.1 | L16: 0 | N16: Capital transfers received
D17: Despesa Total | F17: 134.3 | G17: 138.7 | H17: 3.3 | I17: 0 | J17: 41.2 | K17: 40.7 | L17: -0.5 | N17: Total expenditure
D18: Despesa Primária | F18: 127.6 | G18: 130.5 | H18: 2.3 | I18: 0 | J18: 39.2 | K18: 38.3 | L18: -0.9 | N18: Primary expenditure
D19: Despesa Corrente Primária | F19: 117.9 | G19: 122.1 | H19: 3.6 | I19: 0 | J19: 36.2 | K19: 35.9 | L19: -0.4 | N19: Current primary expenditure
... D27: Juros | F27: 6.7 | G27: 8.2 | H27: 23.2 | I27: 0 | J27: 2 | K27: 2.4 | L27: 0.4 | N27: Interest paid
D28: Saldo global | F28: 0.1 | G28: 0.3 | J28: 0 | K28: 0.1 | L28: 0.1 | N28: General government balance
D29: Saldo Primário | F29: 6.8 | G29: 8.5 | J29: 2.1 | K29: 2.5 | L29: 0.4 | N29: Primary balance
D30: PIB nominal | F30: 325.5 | G30: 340.5 | H30: 4.6 | N30: (+) Stock flow adjustment
D31: Fonte: MF. | Nota: Os valores apresentados no quadro encontram-se expurgados do efeito das subvenções do PRR e dos restantes fundos da União Europeia contabilizados na receita de capital e FBCF.
D32: Source: MF. | Note: The figures shown in the table exclude the effect of RRP grants and other European Union funds accounted for in capital revenue and GFCF.
D44: Receita Total | F44: 134.34245 | G44: 138.97555 | H44: 3.448729 | J44: 41.273242 | K44: 40.810919 | L44: -0.46232204
D45: Receita corrente | F45: 134.12175 | G45: 138.74469 | H45: 3.4468242 | J45: 41.205438 | K45: 40.743125 | L45: -0.46231277
D46: Receita fiscal | F46: 78.322079 | G46: 80.885923 | H46: 3.2734619 | J46: 24.062433 | K46: 23.752587 | L46: -0.30984615
D47: Impostos indiretos | F47: 46.746487 | G47: 48.667267 | H47: 4.108929 | J47: 14.361649 | K47: 14.291405 | L47: -0.07024393
D48: Impostos directos | F48: 31.575593 | G48: 32.218656 | H48: 2.036584 | J48: 9.700784 | K48: 9.4611818 | L48: -0.23960222
D49: Contribuições Sociais | F49: 41.81487 | G49: 44.636073 | H49: 6.746889 | J49: 12.846537 | K49: 13.107623 | L49: 0.26108597
D50: Vendas de bens e serviços | F50: 8.9401419 | G50: 9.1269016 | H50: 2.0890019 | J50: 2.7466273 | K50: 2.6801638 | L50: -0.066463531
D51: Outra receita corrente | F51: 5.0446583 | G51: 4.0957932 | H51: -18.809305 | J51: 1.5498408 | K51: 1.2027517 | L51: -0.34708906
D52: Receitas de capital | F52: 0.22069771 | G52: 0.23086379 | H52: 4.6063356 | J52: 0.067803662 | K52: 0.067794394 | L52: -9.2683644e-06
D53: Despesa Total | F53: 134.25599 | G53: 138.70087 | H53: 3.3107485 | J53: 41.246681 | K53: 40.730258 | L53: -0.51642333
D54: Despesa Primária | F54: 127.58683 | G54: 130.48371 | H54: 2.2705152 | J54: 39.197753 | K54: 38.317243 | L54: -0.88050964
D55: Despesa Corrente Primária | F55: 117.87962 | G55: 122.08396 | H55: 3.5666444 | J55: 36.215462 | K55: 35.850612 | L55: -0.36484978
... D63: Juros | F63: 6.669165 | G63: 8.217165 | H63: 23.211302 | J63: 2.0489284 | K63: 2.4130147 | L63: 0.36408631
D64: Saldo global | F64: 0.086453 | G64: 0.27468164 | J64: 0.026560448 | K64: 0.080661741 | L64: 0.054101293
D65: Saldo Primário | F65: 6.755618 | G65: 8.4918466 | J65: 2.0754889 | K65: 2.4936765 | L65: 0.4181876
D66: PIB nominal | F66: 325.49527 | G66: 340.53522 | H66: 4.6206366

Sheet Quadro 16_Table 16
A1: Índice
B3: Quadro 16 - Despesa líquida na POE/2027
B4: Table 16 - DSB/2027 net expenditure (in M€)
D5: PT | EN
E6: Fórmulas | F6: Unidade | G6: Unit | H6: 2025 | L6: 2026 | P6: 2027
H7: POE/2027 | I7: Corr. Estat | J7: Sensib. MdR | L7: POE/2027 | M7: Corr. Estat | N7: Sensib. MdR | P7: POE/2027 | Q7: Corr. Estat | R7: Sensib. MdR
H8: DBP 2027 | I8: Stat. Adjust. | J8: DRM Sensib. | L8: DBP 2027 | M8: Stat. Adjust. | N8: DRM Sensib. | P8: DBP 2027 | Q8: Stat. Adjust. | R8: DRM Sensib.
D9: Despesa Total (da qual se exclui) | E9: (1) | F9: Milhares de M€ | G9: Billions € | H9: 130.6 | I9: 130.6 | J9: 130.6 | K9: 130941.4 | L9: 146.5 | M9: 146.5 | N9: 146.5 | O9: 143513.55 | P9: 143.1 | Q9: 143.1 | R9: 143.1 | S9: Total expenditure (excluding)
D10: Encargos com Juros | E10: (2) | F10: Milhares de M€ | G10: Billions € | H10: 6 | I10: 6 | J10: 6 | K10: 130941.4 | L10: 6.7 | M10: 6.7 | N10: 6.7 | O10: 143513.55 | P10: 8.2 | Q10: 8.2 | R10: 8.2 | S10: Interest paid
D11: Despesa cíclica com subsídio de desemprego | E11: (3) | F11: Milhares de M€ | G11: Billions € | H11: 0.1 | I11: 0.1 | J11: 0.1 | K11: 130941.4 | L11: 0 | M11: 0 | N11: 0 | O11: 143513.55 | P11: 0 | Q11: 0 | R11: 0 | S11: Cyclical unemployment expenditure
D12: Despesa financiada por fundos da UE | E12: (4) | F12: Milhares de M€ | G12: Billions € | H12: 4.8 | I12: 4.8 | J12: 4.8 | K12: 130941.4 | L12: 12.2 | M12: 12.2 | N12: 12.2 | O12: 143513.55 | P12: 4.4 | Q12: 4.4 | R12: 4.4 | S12: EU funded expenditure
D13: Cofinanciamento nacional de programas financiados pela EU | E13: (5) | F13: Milhares de M€ | G13: Billions € | H13: 0.6 | I13: 0.6 | J13: 0.6 | K13: 130941.4 | L13: 1.5 | M13: 1.5 | N13: 1.5 | O13: 143513.55 | P13: 2.4 | Q13: 2.4 | R13: 2.4 | S13: National co-financing of EU programmes
D14: One-offs da despesa (nível, excl. Fundos da UE) | E14: (6) | F14: Milhares de M€ | G14: Billions € | H14: 0.2 | I14: 0.2 | J14: 0.2 | K14: 130941.4 | L14: 1.6 | M14: 1.6 | N14: 1.6 | O14: 143513.55 | P14: 0.7 | Q14: 0.7 | R14: 0.7 | S14: One-offs expenditure (levels, excl. EU funded)
D15: Despesa líquida antes medidas discricionárias de Receita | E15: (7)=(1-2-3-4-5-6) | F15: Milhares de M€ | G15: Billions € | H15: 118.9 | I15: 118.9 | J15: 118.9 | K15: 130941.4 | L15: 124.5 | M15: 124.5 | N15: 124.5 | O15: 143513.55 | P15: 127.4 | Q15: 127.4 | R15: 127.4 | S15: Net expenditure before DRMs
D16: p.m. Correção de corte de série | E16: (7A) | F16: Milhares de M€ | G16: Billions € | I16: -0.3 | J16: -0.3 | K16: 130941.4 | O16: 143513.55
D17: Variação da despesa Liquída (antes MDR) | E17: (8)=(7(t)-7(t-1)) | F17: Milhares de M€ | G17: Billions € | H17: 6.4 | I17: 6.4 | J17: 6.4 | K17: 130941.4 | L17: 5.6 | M17: 5.6 | N17: 5.6 | O17: 143513.55 | P17: 2.9 | Q17: 2.9 | R17: 2.9 | S17: Annual Change in net expenditure before DRMs
D18: Crescimento da Despesa Líquida (antes MDR) | E18: (9)=(7(t)/7(t-1)) | H18: 5,7% | I18: 6,0% | J18: 6,0% | K18: 6.0237982 | L18: 4,7% | M18: 4,7% | N18: 4,7% | O18: 5.6676441 | P18: 2,4% | Q18: 2,4% | R18: 2,4% | S18: Growth in net expenditure before DRMs
D19: Medidas Discricionárias de Receita (incremental, excl. One-offs) | E19: (10) | F19: Milhares de M€ | G19: Billions € | H19: -0.2 | I19: -0.2 | J19: -0.2 | K19: 130941.4 | L19: -1.2 | M19: -1.2 | N19: -1.5 | O19: 143513.55 | P19: -0.1 | Q19: -0.1 | R19: -0.3 | S19: Discretionary revenue measures (annual incremental impact, excl.one-offs)
D20: Despesa líquida incl. medidas discricionárias de Receita | E20: (11)=(7)-(7A)-(10) | F20: Milhares de M€ | G20: Billions € | H20: 119.1 | I20: 119.4 | J20: 119.4 | K20: 130941.4 | L20: 125.7 | M20: 125.7 | N20: 126 | O20: 143513.55 | P20: 127.6 | Q20: 127.6 | R20: 127.7 | S20: Net expenditure after DRMs
D21: Variação da despesa Líquida (inclui MDR) | E21: (12)=(11(t)-7(t-1)) | F21: Milhares de M€ | G21: Billions € | H21: 6.6 | I21: 6.9 | J21: 6.9 | K21: 130941.4 | L21: 6.8 | M21: 6.8 | N21: 7.1 | O21: 143513.55 | P21: 3.1 | Q21: 3.1 | R21: 3.2 | S21: Annual change in net expenditure (after DRMs)
D22: Trajetória da despesa líquida | S22: Net expenditure trajectory
D23: Crescimento anual | S23: Annual growth
D24: Crescimento da despesa líquida | E24: (13)=(11(t)/7(t-1)) | F24: ∆ % | G24: ∆ % | H24: 0.059 | I24: 0.062 | J24: 0.062 | K24: 0.061749995 | L24: 0.057 | M24: 0.057 | N24: 0.06 | O24: 0.055504123 | P24: 0.025 | Q24: 0.025 | R24: 0.026 | S24: Net expenditure growth
D25: POEN-MP | E25: (14) | F25: ∆ % | G25: ∆ % | H25: 0.05 | L25: 0.051 | P25: 0.012 | S25: POEN-MP
D26: Crescimento Cumulativo | S26: Cumulative growth
D27: Crescimento da Despesa Líquida | E27: (15) | F27: ∆ % | G27: ∆ % | H27: 0.18 | I27: 0.183 | J27: 0.18270301 | K27: 0.18270301 | L27: 0.247 | M27: 0.251 | N27: 0.253 | O27: 0.25246922 | P27: 0.278 | Q27: 0.281 | R27: 0.286 | S27: Net expenditure growth
D28: Compromisso POEN-MP | E28: (16) | F28: ∆ % | G28: ∆ % | H28: 0.174 | I28: 0.174 | J28: 0.1739 | K28: 0.1739 | L28: 0.234 | M28: 0.234 | N28: 0.234 | O28: 0.2337689 | P28: 0.249 | Q28: 0.249 | R28: 0.249 | S28: POEN-MP commitment
D29: Desvios na trajetória da despesa líquida | S29: Deviations in the trajectory of net expenditure
D30: Desvio Anual | E30: (17)=((13-14) x 7) | F30: Milhares de M€ | G30: Billions € | H30: 1 | I30: 1.3 | J30: 1.3 | K30: 130941.4 | L30: 0.8 | M30: 0.8 | N30: 1.1 | O30: 143513.55 | P30: 1.6 | Q30: 1.6 | R30: 1.7 | S30: Annual deviation
D31: Desvio Acumulado | E31: (18) = (acum. do 17) | F31: Milhares de M€ | G31: Billions € | H31: 0.6 | I31: 0.9 | J31: 0.9 | K31: 130941.4 | L31: 1.4 | M31: 1.7 | N31: 2 | O31: 143513.55 | P31: 2.9 | Q31: 3.2 | R31: 3.6 | S31: Cumulated deviation
D32: PIB Nominal | E32: (19) | F32: Milhares de M€ | G32: Billions € | H32: 308.5 | I32: 308.5 | J32: 308.5 | K32: 130941.4 | L32: 325.5 | M32: 325.5 | N32: 325.5 | O32: 143513.55 | P32: 340.5 | Q32: 340.5 | R32: 340.5 | S32: Nominal GDP
D33: Conta de Controlo | S33: Control account
D34: Saldo Anual | E34: (20)=(17/19) | F34: % PIB | G34: % GDP | H34: 0.3 | I34: 0.4 | J34: 0.4 | K34: 0.19124267 | L34: 0.2 | M34: 0.2 | N34: 0.3 | O34: 0.16752669 | P34: 0.5 | Q34: 0.5 | R34: 0.5 | S34: Annual balance
D35: Saldo Acumulado | E35: (21)=(18/19) | F35: % PIB | G35: % GDP | H35: 0.2 | I35: 0.3 | J35: 0.3 | K35: 0.19124267 | L35: 0.4 | M35: 0.5 | N35: 0.6 | O35: 0.16752669 | P35: 0.9 | Q35: 0.9 | R35: 1.1 | S35: Cumulated balance
D36: Despesa com Defesa | E36: (22) | F36: % PIB | G36: % GDP | H36: 0.8 | I36: 0.8 | J36: 0.8 | K36: 0.19124267 | L36: 1 | M36: 1 | N36: 1 | O36: 0.16752669 | P36: 1.2 | Q36: 1.2 | R36: 1.2 | S36: Defence expenditure
D37: Flexibilidade decorrente do aumento das despesas com a defesa | E37: (23) | F37: % PIB | G37: % GDP | H37: 0 | I37: 0 | J37: 0 | K37: 0.19124267 | L37: 0.2 | M37: 0.2 | N37: 0.2 | O37: 0.16752669 | P37: 0.4 | Q37: 0.4 | R37: 0.4 | S37: Flexibility from increases in defence expenditure
D38: Saldo acumulado após flexibilidade | E38: (24)=(21)-(23) | F38: % PIB | G38: % GDP | H38: 0.2 | I38: 0.3 | J38: 0.3 | K38: 0.19124267 | L38: 0.2 | M38: 0.3 | N38: 0.4 | O38: 0.16752669 | P38: 0.5 | Q38: 0.6 | R38: 0.7 | S38: Cumulated balance after flexibility
D41: Fonte: INE (2025), MF e cálculos do CFP. Nota: Corr. Estatística refere-se à despesa líquida recalculada pelo CFP após a incorporação da correção estatística aplicada pela Comissão Europeia no âmbito da avaliação ex post para efeitos de apuramento, em 2025, do desvio acumulado registado na conta de controlo. Deste modo, a variação da despesa líquida em 2024 e 2025 foi corrigida para refletir quebras de série na despesa total, associadas (i) à reclassificação da SATA Air Açores e da SATA Gestão de Aeródromos (SGA) no sector das administrações públicas a partir de 2024, com um impacto na despesa total de 37,1 milhões de euros, e (ii) à reclassificação da CP - Comboios de Portugal para fora do sector das administrações públicas a partir de 2025, com um impacto na despesa total de 341 M€. Sensib. MdR corresponde a um exercício adicional de recálculo da despesa líquida que, já incorporando a referida correção estatística, exclui da classificação de medidas discricionárias de receita (MdR) o combate à fraude nos combustíveis (300 M€) e inclui, como MdR, a perda de receita associada ao Mínimo de Existência (121 M€)
D42: Source: INE (2025), Ministry of Finance (MF), and CFP calculations. Note: Statistical Adjustment refers to net expenditure recalculated by the CFP after incorporating the statistical correction applied by the European Commission as part of the ex post assessment conducted in 2025 to determine the cumulative deviation recorded in the control account. Accordingly, the change in net expenditure in 2024 and 2025 was corrected to reflect breaks in the series for total expenditure resulting from: (i) the reclassification of SATA Air Açores and SATA Gestão de Aeródromos (SGA) into the general government sector from 2024 onwards, with an impact of €37.1 million on total expenditure; and (ii) the reclassification of CP – Comboios de Portugal outside the general government sector from 2025 onwards, with an impact of €341 million on total expenditure.DRM Sensitivity refers to an additional recalculation exercise of net expenditure which, while already incorporating the aforementioned statistical correction, excludes the anti-fuel fraud measure (€300 million) from the classification of discretionary revenue measures (DRMs) and includes, as a DRM, the revenue loss associated with the Minimum Income Threshold (Mínimo de Existência) (€121 million).

Sheet Quadro 17_Table 17
A1: Índice
B3: Quadro 17 - Cálculo da Despesa líquida projetado pelo CFP
B4: Table 17 - Calculation of net expenditure projected by the CFP
D5: PT | EN
E6: Fórmulas | F6: Unidade | G6: Unit | H6: 2025 | K6: 2026 | N6: 2027
H7: Proj. CFP | I7: CE (SF26) | K7: Proj. CFP | L7: CE (SF26) | N7: Proj. CFP | O7: CE (SF26)
D8: Despesa Total (da qual se exclui) | E8: (1) | F8: Milhares de M€ | G8: =+'Quadro 16_Table 16'!G9 -> Billions € | H8: 130.6 | I8: 130.9 | K8: 141.7 | L8: 143.5 | N8: 145.2 | O8: 143.5 | P8: Total expenditure (excluding)
D9: Encargos com Juros | E9: (2) | F9: Milhares de M€ | G9: =+'Quadro 16_Table 16'!G10 -> Billions € | H9: 6 | I9: 6 | K9: 6.4 | L9: 6.4 | N9: 7 | O9: 6.9 | P9: Interest paid
D10: Despesa cíclica com subsídio de desemprego | E10: (3) | F10: Milhares de M€ | G10: =+'Quadro 16_Table 16'!G11 -> Billions € | H10: 0.1 | I10: 0.1 | K10: 0.1 | L10: 0.1 | N10: 0.1 | O10: 0 | P10: Cyclical unemployment expenditure
D11: Despesa financiada por fundos da UE | E11: (4) | F11: Milhares de M€ | G11: =+'Quadro 16_Table 16'!G12 -> Billions € | H11: 4.8 | I11: 4.7 | K11: 6.8 | L11: 9.5 | N11: 5.7 | O11: 3.9 | P11: EU funded expenditure
D12: Cofinanciamento nacional de programas financiados pela EU | E12: (5) | F12: Milhares de M€ | G12: =+'Quadro 16_Table 16'!G13 -> Billions € | H12: 0.6 | I12: 0.6 | K12: 0.9 | L12: 0.5 | N12: 1.5 | O12: 1 | P12: National co-financing of EU programmes
D13: One-offs da despesa (nível, excl. Fundos da UE) | E13: (6) | F13: Milhares de M€ | G13: =+'Quadro 16_Table 16'!G14 -> Billions € | H13: 0.2 | I13: 0.2 | K13: 0.8 | L13: 0.9 | N13: 0 | O13: 0.2 | P13: One-offs expenditure (levels, excl. EU funded)
D14: Despesa líquida antes medidas discricionárias de Receita | E14: (7)=(1-2-3-4-5-6) | F14: Milhares de M€ | G14: =+'Quadro 16_Table 16'!G15 -> Billions € | H14: 118.9 | I14: 119.3 | K14: 126.6 | L14: 126.1 | N14: 130.9 | O14: 131.4 | P14: Net expenditure before DRMs
D15: p.m. Correção de corte de série | E15: (7A) | F15: Milhares de M€ | G15: =+'Quadro 16_Table 16'!G16 -> Billions € | H15: -0.3 | I15: -0.3 | P15: p.m. Series-break adjustment
D16: Variação da despesa Liquída (antes MDR) | E16: (8)=(7(t)-7(t-1)) | F16: Milhares de M€ | G16: =+'Quadro 16_Table 16'!G17 -> Billions € | H16: 6.8 | I16: 6.9 | K16: 7.7 | L16: 6.8 | N16: 4.2 | O16: 5.3 | P16: Annual Change in net expenditure before DRMs
D17: Crescimento da Despesa Líquida (antes MDR) | E17: (9)=(7(t)/7(t-1)) | G17: =+'Quadro 16_Table 16'!G18 -> 0 | H17: 0.06 | I17: 0.061 | K17: 0.065 | L17: 0.057 | N17: 0.033 | O17: 0.042 | P17: Growth in net expenditure before DRMs
D18: Medidas Discricionárias de Receita (incremental, excl. One-offs) | E18: (10) | F18: Milhares de M€ | G18: =+'Quadro 16_Table 16'!G19 -> Billions € | H18: 0.6 | I18: 0.6 | K18: -1.3 | L18: 0.1 | N18: -0.2 | O18: -1.6 | P18: Discretionary revenue measures (annual incremental impact, excl.one-offs)
D19: Despesa líquida incl. medidas discricionárias de Receita | E19: (11)=(7)-(7A)-(10) | F19: Milhares de M€ | G19: =+'Quadro 16_Table 16'!G20 -> Billions € | H19: 118.6 | I19: 119.1 | K19: 127.9 | L19: 126 | N19: 131.1 | O19: 133 | P19: Net expenditure after DRMs
D20: Variação da despesa Líquida (inclui MDR) | E20: (12)=(11(t)-7(t-1)) | F20: Milhares de M€ | G20: =+'Quadro 16_Table 16'!G21 -> Billions € | H20: 6.1 | I20: 6.2 | K20: 9 | L20: 6.6 | N20: 4.5 | O20: 6.9 | P20: Annual change in net expenditure (after DRMs)
D21: Trajetória da despesa líquida | P21: Net expenditure trajectory
D22: Crescimento anual | P22: Annual growth
D23: Crescimento da despesa líquida | E23: (13)=(11(t)/7(t-1)) | F23: ∆ % | G23: ∆ % | H23: 0.055 | I23: 0.055 | K23: 0.076 | L23: 0.056 | N23: 0.035 | O23: 0.055 | P23: Net expenditure growth
D24: POEN-MP | E24: (14) | F24: ∆ % | G24: ∆ % | H24: 0.05 | K24: 0.051 | N24: 0.012 | P24: POEN-MP
D25: Crescimento Cumulativo | P25: Cumulative growth
D26: Crescimento da Despesa Líquida | E26: (15) | F26: ∆ % | G26: ∆ % | H26: 0.182 | I26: 0.187 | K26: 0.272 | L26: 0.252 | N26: 0.317 | O26: 0.321 | P26: Net expenditure growth
D27: Compromisso POEN-MP | E27: (16) | F27: ∆ % | G27: ∆ % | H27: 0.174 | I27: 0.174 | K27: 0.234 | L27: 0.234 | N27: 0.249 | O27: 0.249 | P27: POEN-MP commitment
D28: Desvios na trajetória da despesa líquida | P28: Deviations in the trajectory of net expenditure
D29: Desvio Anual | E29: (17)=((13-14) x 7) | F29: Milhares de M€ | G29: Billions € | H29: 0.5 | I29: 0.6 | K29: 2.9 | L29: 0.5 | N29: 3 | O29: 5.4 | P29: Annual deviation
D30: Desvio Acumulado | E30: (18) = (acum. do 17) | F30: Milhares de M€ | G30: Billions € | H30: 0.8 | I30: 1.3 | K30: 3.8 | L30: 1.8 | N30: 6.7 | O30: 7.2 | P30: Cumulated deviation
D31: PIB Nominal | E31: (19) | F31: Milhares de M€ | G31: Billions € | H31: 308.5 | I31: 306.8 | K31: 325.1 | L31: 320.8 | N31: 340.3 | O31: 335.1 | P31: Nominal GDP
D32: Conta de Controlo | P32: Control account
D33: Saldo Anual | E33: (20)=(17/19) | F33: % PIB | G33: =+'Quadro 16_Table 16'!G36 -> % GDP | H33: 0.2 | I33: 0.2 | K33: 0.9 | L33: 0.2 | N33: 0.9 | O33: 1.6 | P33: Annual balance
D34: Saldo Acumulado | E34: (21)=(18/19) | F34: % PIB | G34: =+'Quadro 16_Table 16'!G37 -> % GDP | H34: 0.3 | I34: 0.4 | K34: 1.2 | L34: 0.6 | N34: 2 | O34: 2.1 | P34: Cumulated balance
D35: Despesa com Defesa | E35: (22) | F35: % PIB | G35: =+'Quadro 16_Table 16'!G38 -> % GDP | H35: 0.8 | I35: 0.8 | K35: 0.9 | L35: 0.8 | N35: 0.8 | O35: 0.8 | P35: Defence expenditure
D36: Flexibilidade decorrente do aumento das despesas com a defesa | E36: (23) | F36: % PIB | G36: =+'Quadro 16_Table 16'!G39 -> 0 | H36: 0 | I36: 0 | K36: 0.1 | L36: 0 | N36: 0 | O36: 0 | P36: Flexibility from increases in defence expenditure
D37: Saldo acumulado após flexibilidade | E37: (24)=(21)-(23) | F37: % PIB | G37: =+'Quadro 16_Table 16'!G40 -> 0 | H37: 0.3 | I37: 0.4 | K37: 1.1 | L37: 0.6 | N37: 2 | O37: 2.1 | P37: Cumulated balance after flexibility
D40: Fonte: INE (2025), Comissão Europeia (SF26- Spring Forecast 2026) e cálculos e projeções do CFP; Os desvios cumulativos projetados pelo CFP para 2026 e 2027 têm como ponto de partida o desvio cumulativo apurado pela CE na conta de controlo criada em 2025, atualizado em função de nova informação estatística, que tem de ser incorporada.
D41: Source: INE (2025), European Commission (SF26 - Spring Forecast 2026), and CFP calculations and projections. The cumulative deviations projected by the CFP for 2026 and 2027 are based on the cumulative deviation identified by the European Commission in the control account established in 2025, updated to incorporate new statistical information that must be taken into account.

Sheet Quadro 18_Table 18
A1: Índice
B3: =+Índice!B36 -> Quadro 18 - Lista de Medidas Discricionárias da Receita 2026-2027 consideradas pelo CFP (em M€)
B4: =+Índice!D36 -> Table 18 - List of Discretionary Revenue Measures 2026-2027 considered by the CFP (in M€)
C5: PT | EN
C6: Medidas Discricionárias da Receita | E6: 2026 | G6: 2027 | H6: Discretionary Revenue Measures
C7: IVA | E7: 0 | G7: -94 | H7: VAT
C8: Pacote Habitação: Redução do IVA da construção de 23% para 6% | G8: -94 | H8: Housing Package: Reduction of VAT on construction from 23% to 6%
C9: Outros impostos indiretos | E9: 34 | G9: 295 | H9: Other indirect taxes
C10: Fim da isenção de Biocombustíveis avançados | E10: 156 | H10: End of exemption for advanced biofuels
C11: Alteração do ISP e suspensão da taxa de carbono | E11: 173 | H11: Changes to the Petroleum tax and suspension of the carbon tax
C12: Desconto ISP Temporário - Conflito Irão (9 meses) | E12: -295 | G12: 295 | H12: Temporary Petroleum discount - Iran conflict (9 months)
C13: IRS | E13: -854 | G13: -371 | H13: PIT
C14: Pacote IRS 2024 (1) | E14: 144 | H14: PIT 2024 Package (1)
C15: IRS Jovem | E15: 144 | H15: IRS Jovem (youth PIT regime)
C16: Pacote IRS 2025 | E16: -510 | H16: 2025 PIT package
C17: IRS Jovem | E17: -510 | H17: IRS Jovem (youth PIT regime)
C18: Pacote IRS 2026 | E18: -525 | H18: 2026 PIT package
C19: Redução taxas | E19: -33 | H19: Rate reduction
C20: Atualização escalões | E20: 0 | H20: Update of tax bands
C21: Atualização ME | E21: -121 | H21: Update of the minimum subsistence level
C22: Redução adicional de taxas Setembro 2026 (Proposta Governo) | E22: -371 | H22: Additional rate reduction September 2026 (Government proposal)
C23: Pacote IRS 2027 | G23: -121 | H23: 2027 PIT package
C24: Atualização ME | G24: -121 | H24: Update of the minimum subsistence level
C25: Atualiz. Autom. dos escalões (componente de produtividade na parte que excede a inflação) | E25: 37 | G25: -41 | H25: Automatic update of tax bands (productivity component in excess of inflation)
C26: Pacote Habitação - Redução IRS rendas moderadas de 25% para 10% | G26: -209 | H26: Housing Package - Reduction of PIT on moderate rents from 25% to 10%
C27: IRC | E27: -421 | G27: -74 | H27: CIT
C28: Crédito fiscal extraordinário para investimento (2021, COVID) | E28: 10 | H28: Extraordinary tax credit for investment (2021, COVID)
C29: IRC - SIFIDE indireto (reversão) | G29: 124 | H29: CIT - Indirect SIFIDE (reversal)
C30: Redução de 1 p.p. na taxa normal e reduzida de IRC | E30: -328 | H30: 1 p.p. reduction in the standard and reduced CIT rates
C31: Red. de 1pp na Tx normal IRC em [2026-2028] e 1pp na tx red. em 2026 | G31: -341 | H31: 1 p.p. reduction in the standard CIT rate in [2026-2028] and 1 p.p. in the reduced rate in 2026
C32: Incentivo fiscal à recuperação - IFR e outros relacionados | E32: 33 | G32: 143 | H32: Tax Incentive for Recovery - IFR and related measures
C33: Regime Fiscal de Apoio ao Investimento (RFAI) | E33: 8 | G33: 143 | H33: Tax Regime for Investment Support (RFAI)
C34: Sistema de Incentivos Fiscais à I&D Empresarial (SIFIDE) | E34: 12 | H34: System of Tax Incentives for Business R&D (SIFIDE)
C35: Incentivo Fiscal à Recuperação | E35: 13 | H35: Tax Incentive for Recovery
C36: Alargamento/ reforço do Incentivo à Capitalização das Empresas (ICE) | E36: -136 | H36: Extension/reinforcement of the Incentive for Company Capitalisation (ICE)
C37: Outras receitas | E37: -35 | H37: Other revenues
C38: Alargamento de eliminação taxas de portagem ex-SCUTs | E38: -35 | H38: Extension of toll elimination on former SCUT motorways
C39: Total medidas discricionárias de receita | E39: -1276 | G39: -244 | H39: Total discretionary revenue measures
C41: Fonte: MF e cálculos CFP.
C42: Source: MF and CFP calculations.
